 Dungeon Crawl Stone Soup version 0.31-a0-1098-g6898e6545c (webtiles) character file.

Game seed: 11763751028968454036

1540223 EnegeticOcto the Geomancer (level 23, 106/138 (144) HPs)
             Began as a Felid Chaos Knight on Nov 28, 2023.
             Was a Favourite Plaything of Xom.
             Escaped with the Orb
             ... and 3 runes on Nov 30, 2023!
             The game lasted 02:58:38 (72886 turns).

EnegeticOcto the Geomancer (Felid Chaos Knight)    Turns: 72886, Time: 02:58:39

HP:   106/138 (144) AC: 11    Str: 17    XL:     23   Next: 88%
MP:   47/47         EV: 23    Int: 23    God:    Xom [..*...]
Gold: 6300          SH:  0    Dex: 32    Spells: 10/51 levels left
                                        Lives: 2   Deaths: 4

rFire   + +          .
                       - Unarmed
rCold   + . .        (shield unavailable)
rNeg    . . .        (body armour unavailable)
rPois   +            (helmet unavailable)
rElec   +            (cloak unavailable)
rCorr   .            (gloves unavailable)
SInv    +            (boots unavailable)
Will    +++..        e - amulet of Ymalu {RegenMP Regen+ Str+2}
Stlth   +++          x - ring "Xeun" {rElec rPois Int-2 Dex+6 Stlth+}
HPRegen 1.23/turn    B - ring of Darkness {Fly rPois rC++ Int+4 Dex-2}
MPRegen 0.70/turn

%: no passive effects
@: mighty, brilliant, dragon-form, flying, lightly drained
A: dragon claw, dragon scales, breathe fire, flying, boosted hp, giant, (claws
1), (fangs 3), see invisible, (speed 1), (shaggy fur 3), (stealthy paws), no
weapons or thrown items, no armour, multi-lived, (antennae 1), (iridescent
scales 2), agile 1, clever 2, (cold resistance 2), deterioration 1, high MP 1,
sense surroundings 1, screaming 1, inability to drink after injury 1
0: Orb of Zot
}: 3/15 runes: decaying, silver, gossamer
a: Breathe Fire, Begin Untransformation, Renounce Religion


You escaped.
You worshipped Xom.
You were a toy of Xom.
You were a fearsome dragon!
You visited 10 branches of the dungeon, and saw 48 of its levels.
You visited 1 bazaar.
You also visited: Sewer and Gauntlet.

You collected 10025 gold pieces.
You spent 3725 gold pieces at shops.

Inventory:

Jewellery
 e - the amulet of Ymalu (around neck) {RegenMP Regen+ Str+2}
   (You took it off a deep elf demonologist on level 3 of the Elven Halls)

   [amulet of magic regeneration]

   RegenMP:   It increases your rate of magic regeneration.
   Str+2:     It affects your strength (+2).
   Regen+:    It increases your rate of health regeneration.
 x - the ring "Xeun" (left foreclaw) {rElec rPois Int-2 Dex+6 Stlth+}
   (You found it on level 6 of the Dungeon)

   [ring of dexterity]

   Int-2:     It affects your intelligence (-2).
   Dex+6:     It affects your dexterity (+6).
   rElec:     It insulates you from electricity.
   rPois:     It protects you from poison Stlth+: It makes you more stealthy.
 B - the ring of Darkness (right foreclaw) {Fly rPois rC++ Int+4 Dex-2}
   (You found it in a Gauntlet)

   [ring of flight]

   Int+4:     It affects your intelligence (+4).
   Dex-2:     It affects your dexterity (-2).
   rC++:      It greatly protects you from cold.
   rPois:     It protects you from poison Fly: It grants you flight.
 C - a +5 ring of evasion
   (You found it on level 1 of the Lair of Beasts)
 H - the ring "Aquggum" {rPois Str+6 Dex+6 SInv Stlth-}
   (Xom gifted it to you on level 2 of the Elven Halls)

   [ring of dexterity]

   Str+6:     It affects your strength (+6).
   Dex+6:     It affects your dexterity (+6).
   rPois:     It protects you from poison SInv: It lets you see invisible.
   Stlth-:    It makes you less stealthy.
 R - the ring of the Mage {Wiz Archmagi}
   (You took it off a deep elf pyromancer on level 3 of the Elven Halls)

   [ring of wizardry]

   Wiz:       It improves your spell success rate.
   Archmagi:  It increases the power of your magical spells.
 U - the ring of Cuynuur {rElec rF++ Str+6 Dex+3}
   (You acquired it on level 2 of the Spider Nest)

   [ring of strength]

   Str+6:     It affects your strength (+6).
   Dex+3:     It affects your dexterity (+3).
   rF++:      It greatly protects you from fire.
   rElec:     It insulates you from electricity.
 Y - a +4 ring of protection
   (You found it on level 2 of the Elven Halls)
Talismans
 J - a dragon-blood talisman (active)
   (You found it on level 10 of the Dungeon)
 Z - a maw talisman
   (You found it on level 2 of the Elven Halls)
Wands
 f - a wand of polymorph (22)
   (You found it on level 4 of the Dungeon)
 r - a wand of quicksilver (55) {@v1}
   (You found it on level 7 of the Dungeon)
 s - a wand of mindburst (18)
   (You found it on level 7 of the Dungeon)
 t - a wand of flame (86) {@v4}
   (You found it on level 9 of the Dungeon)
 E - a wand of charming (39)
   (You found it on level 1 of the Lair of Beasts)
 F - a wand of digging (12) {@v3}
   (You found it on level 2 of the Lair of Beasts)
 O - a wand of iceblast (29) {@v2}
   (You found it on level 13 of the Dungeon)
Scrolls
 a - a scroll of butterflies
 c - a scroll of silence {!r}
 h - 17 scrolls of teleportation {@r3 !r}
 i - 3 scrolls of blinking {@r4}
 q - 5 scrolls of fear {!r}
 u - 6 scrolls of immolation
 G - 3 scrolls of summoning
 I - 2 scrolls of vulnerability
 M - 7 scrolls of fog {!r}
 Q - 2 scrolls of torment
 T - 4 scrolls of poison
Potions
 b - 2 potions of cancellation
 d - 4 potions of invisibility
 g - 5 potions of haste {@q4 !q}
 j - 13 potions of lignification {@q6}
 l - 16 potions of curing {@q1 !q}
 o - 5 potions of brilliance
 p - 7 potions of berserk rage
 v - 9 potions of attraction
 w - 5 potions of enlightenment
 z - 3 potions of might {@q3 !q}
 A - 10 potions of heal wounds {@q2 !q}
 D - 3 potions of resistance
 K - 5 potions of mutation
 N - 4 potions of ambrosia
 P - 10 potions of magic
Miscellaneous
 m - a lightning rod (4/4)
   (You found it in a Gauntlet)
 L - a phial of floods
   (You found it on level 12 of the Dungeon)
 V - a sack of spiders
   (You bought it in a shop on level 1 of the Orcish Mines)
 W - a condenser vane
   (You bought it in a shop on level 1 of the Orcish Mines)
 X - a phantom mirror
   (You bought it in a shop on level 1 of the Orcish Mines)


   Skills:
 - Level 14.9 Fighting
 - Level 14.9 Dodging
 - Level 14.9 Stealth
 - Level 14.9 Unarmed Combat
 - Level 14.9 Spellcasting
 + Level 11.1 Conjurations
 - Level 14.8 Hexes
 - Level 14.8 Translocations
 - Level 14.8 Transmutations
 - Level 2.0 Ice Magic
 - Level 14.9 Earth Magic
 - Level 0.2 Poison Magic
 - Level 14.9 Evocations
 - Level 14.9 Shapeshifting


You had 10 spell levels left.
You knew the following spells:

 Your Spells              Type           Power      Damage    Failure   Level
a - Ensorcelled Hibernat  Hex/Ice        100%       N/A       1%          2
b - Manifold Assault      Tloc           91%        N/A       1%          4
c - Tukima's Dance        Hex            91%        N/A       1%          3
d - Yara's Violent Unrav  Hex/Tmut       45%        3d18      1%          5
e - Apportation           Tloc           100%       N/A       0%          1
f - Dispersal             Tloc           45%        N/A       1%          6
g - Silence               Hex/Air        33%        N/A       4%          5
h - Wereblood             Tmut           91%        N/A       0%          2
p - Passwall              Tmut/Erth      75%        N/A       0%          2
z - Irradiate             Conj/Tmut      43%        3d26      1%          5
H - Cause Fear            Hex            45%        N/A       1%          4
Y - Blink                 Tloc           100%       N/A       0%          2

Your spell library contained the following spells:

 Spells                   Type           Power      Damage    Failure   Level
 Sandblast                Erth           100%       2d20      0%          1
 Jinxbite                 Hex            100%       N/A       0%          2
 Foxfire                  Conj/Fire      100%       2x1d9     1%          1
 Freeze                   Ice            100%       1d10      1%          1
 Kiss of Death            Conj/Necr      100%       2d13      1%          1
 Magic Dart               Conj           100%       1d8       1%          1
 Static Discharge         Conj/Air       100%       3-8/arc   1%          2
 Confusing Touch          Hex            91%        N/A       1%          3
 Dazzling Flash           Conj/Hex       100%       N/A       1%          3
 Gell's Gravitas          Tloc           91%        N/A       1%          3
 Hailstorm                Conj/Ice       63%        3d13      1%          3
 Ignite Poison            Fire/Tmut/Pois 57%        N/A       1%          3
 Inner Flame              Hex/Fire       67%        N/A       1%          3
 Sigil of Binding         Hex            91%        N/A       1%          3
 Teleport Other           Tloc           91%        N/A       1%          3
 Volatile Blastmotes      Fire/Tloc      100%       2d18      1%          3
 Brom's Barrelling Bould  Conj/Erth      86%        2d10      1%          4
 Fulminant Prism          Conj/Hex       43%        3d19      1%          4
 Iskenderun's Mystic Bla  Conj/Tloc      86%        2d17      1%          4
 Passage of Golubria      Tloc           91%        N/A       1%          4
 Petrify                  Tmut/Erth      91%        N/A       1%          4
 Lee's Rapid Deconstruct  Erth           45%        3d22*     1%          5
 Mephitic Cloud           Conj/Pois/Air  51%        N/A       2%          3
 Necrotise                Necr           100%       1d9       3%          1
 Summon Small Mammal      Summ           100%       N/A       3%          1
 Flame Wave               Conj/Fire      59%        2d14      3%          4
 Sticky Flame             Conj/Fire      59%        2d7       3%          4
 Metabolic Englaciation   Hex/Ice        35%        N/A       3%          5
 Poisonous Vapours        Pois/Air       52%        N/A       4%          2
 Frozen Ramparts          Ice            78%        1d12      4%          3
 Ozocubu's Armour         Ice            39%        N/A       4%          3
 Alistair's Intoxication  Tmut/Pois      44%        N/A       4%          5
 Borgnjor's Vile Clutch   Necr/Erth      33%        N/A       4%          5
 Summon Forest            Summ/Tloc      33%        N/A       4%          5
 Sublimation of Blood     Necr           25%        N/A       5%          2
 Arcjolt                  Conj/Air       29%        1d39      10%         5
 Fireball                 Conj/Fire      29%        3d13      10%         5
 Swiftness                Air            25%        N/A       11%         3
 Eringya's Noxious Bog    Tmut/Pois      33%        4d6       24%         6
 Orb of Destruction       Conj           40%        9d11      30%         7
 Animate Dead             Necr           25%        N/A       34%         4
 Dispel Undead            Necr           25%        3d12      34%         4
 Summon Lightning Spire   Summ/Air       25%        N/A       34%         4
 Disjunction              Tloc           45%        N/A       45%         8
 Agony                    Necr           25%        N/A       67%         5
 Lehudib's Crystal Spear  Conj/Erth      43%        10d10     71%         8
 Malign Gateway           Summ/Tloc      33%        N/A       80%         7
 Simulacrum               Ice/Necr       16%        N/A       98%         6
 Death Channel            Necr           12%        N/A       99%         6
 Haunt                    Necr/Summ      12%        N/A       100%        7
 Summon Hydra             Summ           12%        N/A       100%        7
 Borgnjor's Revivificati  Necr           12%        N/A       100%        8
 Ignition                 Fire           12%        3d6       100%        8
 Death's Door             Necr           12%        N/A       100%        9
 Dragon's Call            Summ           12%        N/A       100%        9
 Shatter                  Erth           45%        3d35*     100%        9
 Animate Armour           Summ/Erth      Unusable   N/A       N/A         4
 Dimensional Bullseye     Hex/Tloc       Unusable   N/A       N/A         4

Dungeon Overview and Level Annotations

Branches:
Dungeon (15/15)            Temple (0/1) D:5            Lair (5/5) D:9
  Swamp (4/4) Lair:3       Spider (4/4) Lair:2        Slime (0/5) Lair:5
    Orc (2/2) D:11            Elf (3/3) Orc:2        Vaults (5/5) D:13
  Crypt (1/3) Vaults:3     Depths (4/4) D:15            Zot (5/5) Depths:4
  Sewer (visited)         Gauntlet (visited)

Altars:
Ashenzari
Dithmenos
Elyvilon
Fedhas
Hepliaklqana
Kikubaaqudgha
Makhleb
Okawaru
Qazlal
Sif Muna
Trog
Wu Jian
Xom
Jiyva

Shops:
D:4 ?   D:11 [   D:15 (   Orc:1 *   Orc:2 *(*:[   Elf:2 ::   Vaults:2 ?
Vaults:3 (   Depths:2 !

Portals:
Hell: Depths:1 Depths:2 Depths:3 Depths:4
Abyss: Depths:3
Pandemonium: Depths:1 Depths:2
Ziggurat: Depths:2
Trove: Depths:3 (give horn of Geryon)

Annotations:
Depths:1 2 transporters, Huzoalasm's ghost, veteran KoBr
Depths:2 2 transporters, Ignak's ghost, veteran GnAE


Innate Abilities, Weirdness & Mutations

You are a fearsome dragon!
You have a powerful clawing attack.
Your giant scaled body is strong and resilient, but less evasive.
You can breathe fire.
You are flying.
Your maximum health is greatly increased.
((You have sharp claws.))
((You have razor-sharp teeth.))
You have supernaturally acute eyesight. (SInv)
((You cover ground quickly. (Speed+)))
((Your thick and shaggy fur keeps you warm. (AC +3, rC+)))
((Your paws help you pounce on unaware monsters.))
You are incapable of wielding weapons or throwing items.
You cannot wear armour.
You gain extra lives every three experience levels.
((You have a pair of small antennae on your head.))
((You are mostly covered in iridescent scales. (AC +4)))
You are agile. (Dex +4, Str/Int -1)
Your mind is very acute. (Int +8, Str/Dex -2)
((Your flesh is very cold resistant. (rC++)))
Your body sometimes deteriorates upon taking damage.
You have an increased reservoir of magic. (+10% MP)
You passively map a small area around you.
You occasionally shout uncontrollably at your foes.
You occasionally lose the ability to drink potions when taking damage.


Message History

You bite the Orb Guardian!!
You kill the Orb Guardian!
Your Conjurations skill increases to level 11!
(D) Dungeon (T) Temple (L) Lair (S) Swamp (N) Spider Nest (M) Slime Pits (O) Orcish Mines (E) Elven Halls (V) Vaults (C) Crypt (U) Depths (H) Hell (Z) Zot
Where to? (Tab/Enter - D:1 @ (x,y), ? - help)
Your extra speed is starting to run out.
There is a stone staircase leading up here.
You fly upwards.
There is a stone staircase leading down here.
You feel yourself slow down.
You see here a +0 short sword.
Xom's attention almost turns to you for a moment.
A monocle briefly appears over your left eye.
A Tzitzimitl comes into view.
Unknown command.
Unknown command.
Unknown command.
The Tzitzimitl moves out of view.
Really quaff
g - 6 potions of haste {@q4 !q}? [Y]es or [N]o only, please.
Really quaff
g - 6 potions of haste {@q4 !q}?
You feel yourself speed up.
You feel clever all of a sudden.
Unknown command.
Really quaff
z - 4 potions of might {@q3 !q}?
You feel very mighty all of a sudden.
Aiming: Dig
Press: ? - help, Shift-Dir - straight line A rock wall.
This square is covered in magical glow.
The rock shatters into small pieces.
The Tzitzimitl gestures at you. The bolt of negative energy hits you!!!
You feel drained.
Casting: Manifold Assault (safe; 1% risk of failure)
Confirm with . or Enter, or press ? or * to list all spells.
You feel a surge of power!
Space momentarily warps into an impossible shape!
You hit the Tzitzimitl.
Casting: Manifold Assault (safe; 1% risk of failure)
Confirm with . or Enter, or press ? or * to list all spells.
You feel a surge of power!
Space momentarily warps into an impossible shape!
You closely miss the Tzitzimitl.
The Tzitzimitl calls on the powers of darkness!
Your body is wracked with pain!
Casting: Manifold Assault (safe; 1% risk of failure)
Confirm with . or Enter, or press ? or * to list all spells.
You feel a surge of power!
Space momentarily warps into an impossible shape!
You bite the Tzitzimitl!!
Casting: Manifold Assault (safe; 1% risk of failure)
Confirm with . or Enter, or press ? or * to list all spells.
You feel a surge of power!
Space momentarily warps into an impossible shape!
You maul the Tzitzimitl!!!
Unknown command.
The Tzitzimitl engulfs you!!
* * * LOW HITPOINT WARNING * * *
The Tzitzimitl bites you!!
* * * LOW HITPOINT WARNING * * *
Casting: Manifold Assault (safe; 1% risk of failure)
Confirm with . or Enter, or press ? or * to list all spells.
You feel a surge of power!
You erupt in a fountain of uncontrolled magic!
The Tzitzimitl is blasted with magical radiation!!
You kill the Tzitzimitl!
You are very lightly contaminated with residual magic.
There is a stone staircase leading up here.
Really quaff
A - 13 potions of heal wounds {@q2 !q}?
You feel much better.
Really quaff
A - 12 potions of heal wounds {@q2 !q}?
You feel much better.
Really quaff
A - 11 potions of heal wounds {@q2 !q}?
You feel much better.
(D) Dungeon (T) Temple (L) Lair (S) Swamp (N) Spider Nest (M) Slime Pits (O) Orcish Mines (E) Elven Halls (V) Vaults (C) Crypt (U) Depths (H) Hell (Z) Zot
Where to? (Tab/Enter - D:1 @ (x,y), ? - help)
You fly upwards.
There is a stone staircase leading down here.
Your extra speed is starting to run out.
Magic restored.
You roar at the sixfirhy!
A sixfirhy comes into view.
Unknown command.
Casting: Irradiate (mildly dangerous; 1% risk of failure)
Confirm with . or Enter, or press ? or * to list all spells.
You feel a surge of power!
Space momentarily warps into an impossible shape!
You maul the sixfirhy!!!
You kill the sixfirhy!
You feel yourself slow down.
Your magical contamination has completely faded away.
There is an open door here.
There is a staircase leading out of the dungeon here.
You have escaped!

########## ##...##...##########
##.........#####⌠#####
#..........##♣.⌠_⌠.♣##
#..........##.......##########
#..........##♣..>..♣##.......#
##...†.....###########.......#
......#....##...D...##.......#
....###.#..##.......##.......#
.....##.#..##⌠.P.P.⌠##...########
.....##.#..###.#.#.###..###......
.....#..#...##'#'#'##..## #......
.....#.##..............# #......
.....#.####............# #......
....##.#....######....#####......
.....#.#.#########....##......†..


There were no monsters in sight!

Vanquished Creatures
  A dread lich (Vaults:5)
  Mara (Vaults:3)
  Sojobo (Depths:2)
  3 royal mummies (Depths:1)
  Josephina (Depths:2)
  A Killer Klown (Zot:5)
  Saint Roka (Vaults:2)
  5 caustic shrikes
  Nikola (Spider:2)
  2 golden dragons
  A Tzitzimitl (D:2)
  4 tentacled monstrosities
  A hellephant (Depths:1)
  Jorgrun (Spider:2)
  A walking divine tome (Depths:4)
  7 sphinxes
  2 titans (Vaults:5)
  12 Orb Guardians
  2 quicksilver dragons
  2 deep elf master archers (Elf:3)
  3 deep elf blademasters
  2 death cobs
  An ancient champion (Vaults:3)
  Donald (Vaults:3)
  7 shadow dragons
  10 tengu reavers
  A revenant (Crypt:1)
  5 storm dragons
  A draconian monk (Depths:4)
  A draconian knight (Depths:4)
  3 deep elf sorcerers (Elf:3)
  6 emperor scorpions
  14 frost giants
  An iron dragon (Vaults:5)
  2 balrugs
  20 vault wardens
  5 spectral caustic shrikes (Depths:4)
  6 fire giants
  4 orc warlords
  Louise (Depths:3)
  3 deep elf elementalists
  8 ghost moths
  A draconian stormcaller (Zot:2)
  25 stone giants
  7 ghouls (Swamp:3)
  2 broodmothers
  21 ironbound preservers
  3 spriggan defenders (Depths:3)
  4 war gargoyles
  8 ironbound thunderhulks
  15 very ugly things
  A vampire knight (Depths:2)
  3 green draconians
  4 eleionomae
  11 deep elf demonologists
  A white draconian (Zot:1)
  8 spark wasps
  3 red draconians
  A yellow draconian (Depths:4)
  5 dire elephants
  4 bunyips
  10 ettins
  8 deep elf annihilators
  6 deep elf death magi (Elf:3)
  4 fire dragons
  2 green deaths (Depths:1)
  A jiangshi (Crypt:1)
  A shambling mangrove (Swamp:4)
  2 mummy priests (Depths:2)
  13 yaktaur captains
  4 deep elf high priests
  22 hydras
  6 entropy weavers
  2 rakshasas
  34 vault guards
  3 ice dragons
  4 ogre magi
  2 peacekeepers (Vaults:2)
  5 great orbs of eyes
  A hell beast (Depths:2)
  12 alligators
  3 spriggan air magi
  4 jorogumos
  An anaconda (Vaults:5)
  17 ironbound frosthearts
  23 dancing weapons
  2 radroaches (Spider:4)
  8 centaur warriors
  8 boulder beetles
  13 two-headed ogres
  5 catoblepae
  A death knight (D:13)
  4 death scarabs (Spider:4)
  3 deep troll shamans (Depths:4)
  4 tengu warriors
  14 death yaks
  5 deep troll earth magi
  3 demonic crawlers
  4 hell hogs (Depths:1)
  An occultist (Depths:2)
  An orc high priest (Orc:2)
  17 deep elf knights
  8 spriggan berserkers
  4 hell knights (Depths:4)
  Sonja (D:13)
  Nergalle (D:11)
  A soul eater (Depths:2)
  4 skysharks
  2 pharaoh ants
  6 spriggan druids
  14 skeletal warriors
  5 iron trolls
  2 sixfirhies
  2 glowing orange brains
  8 swamp dragons
  2 flayed ghosts
  2 goliath frogs
  28 deep trolls
  23 deep elf pyromancers
  5 bog bodies
  6 arcanists
  A spectral wolf spider (Spider:4)
  16 ironbound convokers
  11 orb spiders
  4 phantasmal warriors
  10 orc knights
  6 necromancers
  12 lindwurms
  7 deep elf archers
  3 harpies
  5 steelbarb worms
  27 deep elf zephyrmancers
  A spectral jorogumo (Spider:4)
  21 wolf spiders
  2 wolf spider zombies (Spider:4)
  2 cyclopes
  21 ugly things
  4 will-o-the-wisps
  3 orc sorcerers
  9 manticores
  5 black mambas
  5 torpor snails
  3 stone giant skeletons (Vaults:3)
  21 vault sentinels
  A black mamba (shapeshifter) (D:15)
  A titan simulacrum (Depths:2)
  10 moths of wrath
  3 elephants (Lair:3)
  2 orange demons (Orc:2)
  A storm dragon simulacrum (Depths:2)
  A gargoyle (D:13)
  9 cane toads
  An unseen horror (D:12)
  3 spectral redbacks (Spider:4)
  A hellion (D:13)
  A rime drake (Lair:3)
  2 freezing wraiths
  2 human skeletons (Vaults:3)
  A kobold demonologist (D:12)
  9 komodo dragons
  30 yaktaurs
  5 tengu conjurers
  The ghost of tish the Chiller, a novice OpIE (D:6)
  7 trolls
  5 tyrant leeches
  A shadow dragon simulacrum (Depths:2)
  3 meliai (Spider:3)
  3 spectral jumping spiders (Spider:4)
  2 bloated husks
  A moth of wrath zombie (Crypt:1)
  A polar bear (Spider:4)
  A spectral tarantella (Spider:4)
  23 tarantellas
  15 hornets
  3 blink frogs (Lair:3)
  Prince Ribbit (D:9)
  A wind drake (shapeshifter) (D:15)
  2 spectral culicivoras (Spider:4)
  3 tarantella zombies (Spider:4)
  A tengu simulacrum (Depths:2)
  11 dream sheep
  A raiju (D:12)
  2 jumping spider zombies (Spider:4)
  17 culicivoras
  4 elf skeletons (Vaults:3)
  30 jumping spiders
  14 spriggans
  2 air elementals
  2 vampires
  29 slime creatures
  Sigmund (D:3)
  A shadow (D:12)
  A hog (Orc:1)
  5 wyverns
  4 water elementals
  A chaos spawn (D:4)
  47 yaks
  4 wraiths
  7 basilisks
  A steam dragon (D:6)
  57 redbacks
  8 vampire mosquitoes
  Menkaure (D:5)
  22 swamp worms
  A warg (shapeshifter) (Depths:2)
  3 wargs
  3 acid dragons
  14 water moccasins
  2 hell hounds (Gauntlet)
  Duvessa (D:7)
  6 swamp drakes
  An ice beast (D:5)
  19 orc warriors
  2 sky beasts
  3 black bears
  5 wolves
  12 ogres
  18 centaurs
  13 bullfrogs
  A kobold brigand (D:5)
  A necrophage (Swamp:4)
  14 scorpions
  6 earth elementals
  10 wights (D:7)
  Dowan (D:7)
  10 killer bees
  The ghost of thfrgi the Trooper, a weakling DsMo (D:3)
  2 howler monkeys (D:10)
  An electric eel (Spider:1)
  6 hounds
  4 quasits (D:6)
  2 gnoll boudas
  4 orc priests
  A jelly (D:3)
  3 sleepcaps
  3 iron imps (D:8)
  32 orc wizards
  6 iguanas
  5 gnolls (D:7)
  15 adders
  An adder (shapeshifter) (Vaults:5)
  2 river rats (D:4)
  2 shadow imps
  3 white imps
  4 ufetubi
  11 worms
  5 dart slugs
  A dart slug (shapeshifter) (Vaults:5)
  37 orcs
  12 ball pythons
  2 bat zombies (D:10)
  15 endoplasms
  A giant cockroach (shapeshifter) (Vaults:5)
  9 giant cockroaches
  7 goblins
  9 hobgoblins
  5 jackals
  11 quokkas
  4 bats
  11 frilled lizards
  A jackal skeleton (Crypt:1)
  16 kobolds
  9 rats
  A rat zombie (D:10)
1727 creatures vanquished.

Vanquished Creatures (collateral kills)
  2 tengu reavers (Vaults:5)
  A shadow dragon (Vaults:5)
  A draconian monk (Zot:2)
  2 vault guards
  A two-headed ogre (D:9)
  3 orc high priests (Orc:2)
  A harpy (Vaults:3)
  An ugly thing (Vaults:3)
  A manticore (D:14)
  A torpor snail (Lair:3)
  An efreet (Gauntlet)
  2 slime creatures (D:14)
  2 fire elementals (Gauntlet)
  A hell hound (Gauntlet)
  A swamp drake (Swamp:4)
  7 orc warriors
  4 ogres
  A bullfrog (Sewer)
  A scorpion (D:4)
  2 wights (D:7)
  2 orc wizards (D:14)
  5 orcs
  A giant cockroach (Sewer)
  A kobold (D:5)
45 creatures vanquished.

Vanquished Creatures (others)
  A death cob (Zot:2)
  A stone giant (Vaults:5)
  12 dancing weapons
  A spark wasp simulacrum (Depths:2)
  2 bloated husks
  A tarantella zombie (Spider:4)
  8 foxfires
26 creatures vanquished.

Grand Total: 1798 creatures vanquished

Notes
Turn   | Place    | Note
-------+----------+-------------------------------------------
     0 | D:1      | EnegeticOcto the Felid Chaos Knight began the quest for the
                  | Orb.
     0 | D:1      | Reached XP level 1. HP: 10/10 MP: 2/2
    61 | D:1      | XOM: silly message
    67 | D:1      | Reached skill level 1 in Stealth
    96 | D:1      | XOM: silly message
   103 | D:1      | Reached skill level 2 in Stealth
   123 | D:1      | Reached XP level 2. HP: 14/14 MP: 3/3
   163 | D:1      | XOM: silly message
   184 | D:1      | Reached skill level 3 in Stealth
   477 | D:2      | Reached XP level 3. HP: 17/17 MP: 4/4
   832 | D:2      | XOM: potion effect (berserk rage)
   838 | D:2      | Reached skill level 4 in Dodging
   838 | D:2      | Reached skill level 1 in Spellcasting
   880 | D:2      | XOM: noise
   904 | D:2      | Reached XP level 4. HP: 21/21 MP: 6/6
  1314 | D:3      | XOM: polymorph frilled lizard -> giant cockroach
  1477 | D:3      | Found a large runed translucent door.
  1478 | D:3      | Found a large runed translucent door.
  1480 | D:3      | Noticed thfrgi's ghost (weakling DsMo)
  1518 | D:3      | Found an iron altar of Okawaru.
  1568 | D:3      | Reached skill level 4 in Unarmed Combat
  1785 | D:3      | Reached XP level 5. HP: 19/24 MP: 4/7
  1819 | D:3      | XOM: give mutations
  1819 | D:3      | Gained mutation: You are frail. (-10% HP) [Xom's mischief]
  1819 | D:3      | Gained mutation: You passively dampen the noise of your
                  | surroundings. [Xom's mischief]
  1824 | D:3      | Reached skill level 5 in Dodging
  1871 | D:3      | XOM: summons 3 hostile demons
  1872 | D:3      | Noticed a hellwing
  1875 | D:3      | Slain by a hellwing
  2170 | D:3      | Learned a level 2 spell: Ensorcelled Hibernation
  2268 | D:3      | Found an ornate altar of the Wu Jian Council.
  2322 | D:3      | Noticed Sigmund
  2325 | D:3      | Killed Sigmund
  2326 | D:3      | Reached skill level 2 in Hexes
  2326 | D:3      | Reached skill level 1 in Ice Magic
  2326 | D:3      | Gained mutation: You are covered in thick fur. (AC +2)
                  | [Felid growth]
  2326 | D:3      | Reached XP level 6. HP: 25/25 MP: 7/9
  2425 | D:3      | XOM: summons 4 hostile demons
  2426 | D:3      | Noticed a hellwing
  2426 | D:3      | Noticed a sixfirhy
  2426 | D:3      | Noticed a hellwing
  2426 | D:3      | XOM: butterfly on damage
  2426 | D:3      | Mangled by a sixfirhy
  2586 | D:4      | Found a stormy altar of Qazlal.
  2796 | D:4      | XOM: smoke on damage
  2799 | D:4      | Found a glowing drain.
  2941 | Sewer    | Entered a sewer
  2972 | Sewer    | Reached skill level 2 in Spellcasting
  3156 | Sewer    | XOM: polymorph giant cockroach -> adder
  3324 | Sewer    | Reached skill level 3 in Hexes
  3372 | Sewer    | XOM: enchant monster (good)
  3387 | Sewer    | Reached skill level 5 in Unarmed Combat
  3387 | Sewer    | Reached XP level 7. HP: 27/27 MP: 6/11
  3406 | D:4      | Learned a level 2 spell: Passwall
  3488 | D:4      | XOM is BORED!
  3488 | D:4      | XOM: give mutations
  3488 | D:4      | Lost mutation: You are frail. (-10% HP) [Xom's mischief]
  3488 | D:4      | Gained mutation: You are weak. (Str -2) [Xom's mischief]
  3488 | D:4      | Gained mutation: Your mind is acute. (Int +4, Str/Dex -1)
                  | [Xom's mischief]
  3488 | D:4      | Gained mutation: Your body sometimes deteriorates upon
                  | taking damage. [Xom's mischief]
  3736 | D:4      | Found Wolaesue's Magic Scroll Shop.
  3759 | D:4      | Bought a scroll of blinking for 75 gold pieces
  3759 | D:4      | Bought a scroll of blinking for 75 gold pieces
  3759 | D:4      | Bought a scroll of teleportation for 30 gold pieces
  3832 | D:4      | Reached skill level 2 in Ice Magic
  4030 | D:4      | XOM: summons 7 friendly demons
  4213 | D:4      | XOM: scenery: create altars
  4263 | D:5      | Entered Level 5 of the Dungeon
  4278 | D:5      | Reached skill level 4 in Hexes
  4468 | D:5      | XOM: 1-stop teleportation journey
  4480 | D:5      | Reached skill level 3 in Spellcasting
  4490 | D:5      | XOM: summons 2 friendly demons
  4501 | D:5      | Reached skill level 5 in Hexes
  4524 | D:5      | Found a staircase to the Ecumenical Temple.
  4619 | D:5      | Reached skill level 6 in Hexes
  4751 | D:5      | XOM: give mutation
  4751 | D:5      | Gained mutation: Your spells are a little harder to cast,
                  | but a little more powerful. [Xom's grace]
  4759 | D:5      | XOM: god gift: 50 gold pieces
  4926 | D:5      | XOM: potion effect (magic)
  4946 | D:5      | XOM: noise
  5103 | D:5      | Noticed Menkaure
  5118 | D:6      | XOM: noise
  5168 | D:6      | XOM: god gift: chain mail {god gift}
  5274 | D:6      | Found a shimmering blue altar of Sif Muna.
  5286 | D:6      | Noticed a steam dragon
  5309 | D:6      | Reached skill level 7 in Hexes
  5356 | D:6      | Learned a level 3 spell: Tukima's Dance
  5380 | D:6      | Reached XP level 8. HP: 34/34 MP: 13/13
  5382 | D:6      | Reached skill level 8 in Hexes
  5523 | D:6      | Found a transporter.
  5540 | D:6      | XOM: confuse monster(s)
  5546 | D:6      | Reached skill level 1 in Transmutations
  5609 | D:6      | Reached skill level 1 in Earth Magic
  5677 | D:6      | Reached skill level 4 in Stealth
  5763 | D:6      | Found a transporter.
  5786 | D:6      | Noticed tish's ghost (novice OpIE)
  5874 | D:6      | XOM: give mutations
  5874 | D:6      | Gained mutation: You are strong-willed. (Will+) [Xom's
                  | mischief]
  5874 | D:6      | Gained mutation: You have a pair of small horns on your
                  | head. [Xom's mischief]
  6173 | D:7      | Reached skill level 2 in Transmutations
  6191 | D:7      | Reached skill level 2 in Earth Magic
  6204 | D:7      | Reached skill level 5 in Stealth
  6204 | D:7      | Reached skill level 4 in Spellcasting
  6341 | D:7      | Noticed Dowan
  6373 | D:7      | Noticed Duvessa
  6454 | D:6      | XOM: give mutations
  6454 | D:6      | Gained mutation: Your system is resistant to poisons.
                  | (rPois) [Xom's mischief]
  6454 | D:6      | Lost mutation: You are strong-willed. (Will+) [Xom's
                  | mischief]
  6454 | D:6      | Gained mutation: You have very sharp fingernails. [Xom's
                  | mischief]
  6517 | D:7      | Reached skill level 5 in Spellcasting
  6567 | D:7      | Reached skill level 1 in Evocations
  6611 | D:7      | XOM: 2-stop teleportation journey
  6623 | D:7      | XOM: summons 1 hostile demon
  6740 | D:5      | Killed Menkaure
  6741 | D:5      | Reached skill level 6 in Dodging
  6741 | D:5      | Reached XP level 9. HP: 38/38 MP: 17/17
  6757 | D:5      | XOM: butterfly on damage
  6859 | D:5      | Reached skill level 2 in Evocations
  6867 | D:5      | XOM: give mutations
  6867 | D:5      | Gained mutation: Your thick and shaggy fur keeps you warm.
                  | (AC +3, rC+) [Xom's grace]
  6867 | D:5      | Gained mutation: You expend magic power (3 MP) to
                  | strengthen your wands. [Xom's grace]
  6867 | D:5      | Gained mutation: You are strong-willed. (Will+) [Xom's
                  | grace]
  6974 | D:5      | Reached skill level 4 in Fighting
  6987 | D:5      | XOM: give mutations
  6987 | D:5      | Lost mutation: You are weak. (Str -2) [Xom's mischief]
  6987 | D:5      | Lost mutation: You have very sharp fingernails. [Xom's
                  | mischief]
  7022 | D:4      | XOM: summons 5 hostile demons
  7046 | D:3      | XOM: swap monsters
  7157 | D:3      | XOM is BORED!
  7265 | D:3      | Killed thfrgi's ghost
  7368 | D:4      | Bought a scroll of identify for 20 gold pieces
  7368 | D:4      | Bought 2 scrolls of identify for 40 gold pieces
  7368 | D:4      | Bought a scroll of identify for 20 gold pieces
  7368 | D:4      | Bought a scroll of immolation for 40 gold pieces
  7570 | D:7      | Reached skill level 3 in Evocations
  7699 | D:7      | Reached skill level 7 in Dodging
  7872 | D:7      | Killed Duvessa
  7878 | D:7      | Killed Dowan
  7944 | D:7      | Noticed a troll
  8024 | D:8      | Found a white marble altar of Elyvilon.
  8081 | D:8      | XOM: stat loss: -1 Int (16/17)
  8082 | D:8      | XOM: swap monsters
  8093 | D:8      | XOM: chaos cloud
  8095 | D:8      | Reached skill level 4 in Evocations
  8105 | D:8      | Reached skill level 5 in Fighting
  8217 | D:8      | Reached skill level 6 in Unarmed Combat
  8366 | D:8      | Identified the +0 pair of gloves of the Sun {rPois}
  8471 | D:8      | Found a burning altar of Makhleb.
  8667 | D:8      | XOM: scenery: summon butterflies
  8696 | D:8      | XOM: summons friendly quasit
  9014 | D:7      | XOM: noise
  9139 | D:7      | XOM: silly message
  9389 | D:6      | Reached skill level 6 in Stealth
  9415 | D:6      | Reached XP level 10. HP: 44/44 MP: 16/19
  9492 | D:6      | XOM: give mutations
  9492 | D:6      | Gained mutation: You occasionally shout uncontrollably at
                  | your foes. [Xom's mischief]
  9492 | D:6      | Lost mutation: You passively dampen the noise of your
                  | surroundings. [Xom's mischief]
  9492 | D:6      | Gained mutation: You are weak. (Str -2) [Xom's mischief]
  9492 | D:6      | Lost mutation: You occasionally shout uncontrollably at
                  | your foes. [Xom's mischief]
  9649 | D:6      | Killed tish's ghost
  9661 | D:6      | XOM: smoke on damage
  9703 | D:6      | Identified the ring "Xeun" {rElec rPois Int-2 Dex+6 Stlth+}
  9764 | D:7      | XOM: polymorph water moccasin -> scorpion
  9767 | D:7      | Reached skill level 9 in Hexes
  9780 | D:7      | XOM: confusion (+ monsters)
  9806 | D:7      | XOM: smoke on damage
  9808 | D:7      | XOM: enchant monster (good)
  9815 | D:7      | Reached skill level 8 in Dodging
  9817 | D:7      | Reached skill level 7 in Unarmed Combat
  9861 | D:7      | XOM: scenery: summon butterflies
  9975 | D:7      | Reached skill level 7 in Stealth
  9979 | D:7      | XOM: noise
  9995 | D:7      | Reached skill level 6 in Spellcasting
 10119 | D:7      | Learned a level 1 spell: Apportation
 10176 | D:7      | XOM: give mutations
 10176 | D:7      | Lost mutation: You are strong-willed. (Will+) [Xom's
                  | mischief]
 10176 | D:7      | Gained mutation: You occasionally lose the ability to drink
                  | potions when taking damage. [Xom's mischief]
 10176 | D:7      | Lost mutation: Your mind is acute. (Int +4, Str/Dex -1)
                  | [Xom's mischief]
 10176 | D:7      | Gained mutation: You have a pair of horns on your head.
                  | [Xom's mischief]
 10403 | D:9      | Noticed a two-headed ogre
 10415 | D:9      | Killed a two-headed ogre
 10416 | D:9      | Reached skill level 10 in Hexes
 10425 | D:9      | Reached skill level 9 in Dodging
 10506 | D:9      | Reached skill level 8 in Stealth
 10513 | D:9      | XOM: noise
 10634 | D:9      | XOM: potion effect (brilliance)
 10635 | D:9      | XOM: polymorph wyvern -> basilisk
 10640 | D:9      | Reached skill level 8 in Unarmed Combat
 10703 | D:9      | Found a staircase to the Lair.
 10843 | D:9      | Reached XP level 11. HP: 47/47 MP: 22/22
 10936 | D:9      | Noticed Prince Ribbit
 10941 | D:9      | Killed Prince Ribbit
 10998 | D:9      | Reached skill level 7 in Spellcasting
 11003 | D:9      | XOM: destruction
 11005 | D:9      | XOM: polymorph yak -> cane toad
 11024 | D:9      | Reached skill level 10 in Dodging
 11053 | D:9      | XOM: polymorph yak -> black mamba
 11281 | D:9      | XOM: 4-stop teleportation journey
 11386 | D:9      | XOM: swap monsters
 11572 | D:9      | XOM: summons 6 hostile demons
 11910 | D:10     | Entered Level 10 of the Dungeon
 11968 | D:10     | Found a shimmering altar of Xom.
 12091 | D:10     | XOM: summons 3 hostile demons
 12115 | D:10     | Noticed an orc knight
 12127 | D:10     | Noticed a deep elf pyromancer
 12199 | D:10     | XOM: 5-stop teleportation journey
 12238 | Lair:1   | Entered Level 1 of the Lair of Beasts
 12329 | Lair:1   | Reached skill level 9 in Unarmed Combat
 12405 | Lair:1   | XOM: summons 2 hostile shadow creatures
 12463 | D:9      | XOM: summons 3 hostile shadow creatures
 12553 | Lair:1   | XOM: summons 6 hostile demons
 12554 | Lair:1   | Noticed a sun demon
 12711 | Lair:1   | XOM: summons 1 hostile demon
 12919 | Lair:1   | XOM: summons 4 hostile shadow creatures
 12966 | Lair:1   | Reached skill level 8 in Spellcasting
 12981 | Lair:1   | XOM: give mutations
 12981 | Lair:1   | Lost mutation: You are weak. (Str -2) [Xom's mischief]
 12981 | Lair:1   | Lost mutation: You have a pair of horns on your head.
                  | [Xom's mischief]
 12981 | Lair:1   | Gained mutation: You have a somewhat thin skeletal
                  | structure. (Dex +2, Stealth+) [Xom's mischief]
 12981 | Lair:1   | Gained mutation: You have hidden genetic potential. [Xom's
                  | mischief]
 13073 | Lair:1   | XOM is BORED!
 13073 | Lair:1   | XOM: draining
 13091 | Lair:1   | XOM: destruction
 13105 | Lair:1   | XOM: enchant monster (bad)
 13110 | Lair:1   | XOM: torment (28/40 hp)
 13115 | Lair:1   | XOM: polymorph yak -> komodo dragon
 13139 | Lair:1   | XOM: 5-stop teleportation journey
 13287 | Lair:1   | Reached skill level 10 in Unarmed Combat
 13300 | Lair:1   | XOM: silly message
 13654 | Lair:1   | XOM: summons 4 hostile demons
 13704 | Lair:2   | Found a hole to the Spider Nest.
 13833 | Lair:2   | Reached skill level 5 in Evocations
 13983 | Lair:2   | XOM: divination: detect items
 14118 | Lair:2   | XOM: noise
 14344 | Lair:2   | Reached skill level 6 in Fighting
 14426 | Lair:2   | Noticed a skyshark
 14427 | Lair:2   | Noticed a skyshark
 14427 | Lair:2   | Noticed a skyshark
 14660 | Lair:2   | XOM: give mutations
 14660 | Lair:2   | Gained mutation: You are strong-willed. (Will+) [Xom's
                  | grace]
 14660 | Lair:2   | Gained mutation: You possess an exceptional clarity of
                  | mind. [Xom's grace]
 14660 | Lair:2   | Gained mutation: You have a pair of horns on your head.
                  | [Xom's grace]
 14660 | Lair:2   | Gained mutation: You passively dampen the noise of your
                  | surroundings. [Xom's grace]
 14702 | Lair:2   | XOM: confuse monster(s)
 14711 | Lair:2   | Reached skill level 1 in Shapeshifting
 14803 | Lair:2   | Killed a skyshark
 14804 | Lair:2   | Reached skill level 11 in Dodging
 14804 | Lair:2   | Mutation became permanent: You are covered in thick fur.
                  | (AC +2) [Felid growth]
 14804 | Lair:2   | Gained mutation: Your thick and shaggy fur keeps you warm.
                  | (AC +3, rC+) [Felid growth]
 14804 | Lair:2   | Reached XP level 12. HP: 52/52 MP: 21/25
 14884 | Lair:2   | XOM: 7-stop teleportation journey
 14955 | Lair:2   | XOM: polymorph skyshark -> lindwurm
 14973 | Lair:2   | Reached skill level 2 in Shapeshifting
 14985 | Lair:2   | XOM: god gift: Xom's Atlas of the Republic {god gift}
 15047 | Lair:2   | Got Xom's Atlas of the Republic {god gift}
 15148 | Lair:3   | Reached skill level 6 in Evocations
 15150 | Lair:3   | XOM: summons 2 friendly demons
 15400 | Lair:3   | Reached skill level 3 in Shapeshifting
 15401 | Lair:3   | XOM: confuse monster(s)
 15470 | Lair:3   | Reached skill level 7 in Fighting
 15476 | Lair:3   | Gained mutation: You have a pair of large horns on your
                  | head. [hidden potential]
 15639 | Lair:3   | XOM: god gift: 52 gold pieces
 15676 | Lair:3   | XOM: polymorph yak -> troll
 15687 | Lair:3   | XOM: cleaving
 15692 | Lair:3   | Reached skill level 12 in Dodging
 15776 | Lair:3   | XOM: confuse monster(s)
 15784 | Lair:3   | Reached skill level 4 in Shapeshifting
 15843 | Lair:3   | Noticed a death yak
 15848 | Lair:3   | Noticed a death yak
 15848 | Lair:3   | Noticed a death yak
 15851 | Lair:3   | Noticed a death yak
 15997 | Lair:4   | Found a gate leading to a gauntlet.
 16023 | Gauntlet | Entered a Gauntlet
 16023 | Gauntlet | Found a transporter.
 16029 | Gauntlet | Found a transporter.
 16029 | Gauntlet | Noticed a green death
 16045 | Gauntlet | Found a transporter.
 16046 | Gauntlet | Found a transporter.
 16055 | Gauntlet | Noticed a ghost crab
 16062 | Gauntlet | Found a transporter.
 16064 | Gauntlet | Found the +1 robe of Vines {NoPotionHeal Regen++++}
 16075 | Gauntlet | Found a transporter.
 16088 | Gauntlet | Found a transporter.
 16090 | Gauntlet | Noticed a cacodemon
 16105 | Gauntlet | Found a transporter.
 16109 | Gauntlet | Found a transporter.
 16117 | Gauntlet | Found a transporter.
 16135 | Gauntlet | XOM: noise
 16148 | Gauntlet | Found a transporter.
 16148 | Gauntlet | Found a transporter.
 16275 | Gauntlet | XOM: give mutations
 16275 | Gauntlet | Lost mutation: Your spells are a little harder to cast, but
                  | a little more powerful. [Xom's mischief]
 16275 | Gauntlet | Lost mutation: You expend magic power (3 MP) to strengthen
                  | your wands. [Xom's mischief]
 16281 | Gauntlet | Reached skill level 8 in Fighting
 16281 | Gauntlet | Reached skill level 5 in Shapeshifting
 16294 | Gauntlet | Identified the ring of Darkness {Fly rPois rC++ Int+4
                  | Dex-2}
 16322 | Gauntlet | XOM: enchant monster (bad)
 16399 | Gauntlet | Noticed a minotaur
 16402 | Gauntlet | XOM: enchant monster (bad)
 16766 | Lair:4   | Reached skill level 13 in Dodging
 16801 | Lair:4   | XOM: enchant monster (bad)
 16892 | Lair:4   | XOM: give mutations
 16892 | Lair:4   | Lost mutation: You possess an exceptional clarity of mind.
                  | [Xom's mischief]
 16892 | Lair:4   | Lost mutation: You have a pair of large horns on your head.
                  | [Xom's mischief]
 16892 | Lair:4   | Lost mutation: Your body sometimes deteriorates upon taking
                  | damage. [Xom's mischief]
 16963 | Lair:4   | Noticed a six-headed hydra
 16984 | Lair:4   | Killed a six-headed hydra
 17167 | Lair:5   | Entered Level 5 of the Lair of Beasts
 17172 | Lair:5   | Noticed a catoblepas
 17258 | Lair:5   | Killed a catoblepas
 17271 | Lair:5   | Noticed a death yak
 17297 | Lair:5   | Reached skill level 6 in Shapeshifting
 17326 | Lair:5   | Reached XP level 13. HP: 46/60 MP: 15/26
 17618 | Lair:5   | Reached skill level 9 in Fighting
 17650 | Lair:5   | XOM: summons 7 hostile demons
 17714 | Lair:5   | XOM: 2-stop teleportation journey
 17793 | Lair:5   | Found a staircase to the Slime Pits.
 17795 | Lair:5   | Found a viscous altar of Jiyva.
 18396 | D:10     | Gained mutation: You are partially covered in large bone
                  | plates. (SH +4) [hidden potential]
 18396 | D:10     | Lost mutation: You have hidden genetic potential. [hidden
                  | potential expressed]
 18533 | D:10     | Found an ancient bone altar of Kikubaaqudgha.
 18617 | D:10     | Reached skill level 14 in Dodging
 18617 | D:10     | Reached skill level 7 in Shapeshifting
 18684 | D:10     | XOM: enchant monster (bad)
 18938 | D:10     | Reached skill level 10 in Fighting
 18941 | D:10     | XOM: summons 4 friendly demons
 18970 | D:10     | XOM: enchant monster (good)
 19060 | D:9      | XOM: torment (40/61 hp)
 19175 | D:11     | Found Pucriurch's Armour Shop.
 19220 | D:11     | Noticed Nergalle
 19231 | D:11     | Killed Nergalle
 19232 | D:11     | Reached skill level 8 in Shapeshifting
 19240 | D:11     | Identified the scarf of Decaying Freedom {shadows, +Inv rC+
                  | Str+2 Int+3}
 19295 | D:11     | Found a flickering gateway to a bazaar.
 19305 | Bazaar   | Entered a bazaar
 19325 | Bazaar   | Found Qabe's Antique Weapon Emporium.
 19341 | Bazaar   | Found Jynor's Distillery.
 19357 | Bazaar   | Found Zyxijisk's Book Emporium.
 19357 | Bazaar   | Found Rurieg's Jewellery Shoppe.
 19379 | Bazaar   | Found Fycol's Antique Armour Emporium.
 19444 | Bazaar   | Bought a potion of heal wounds for 45 gold pieces
 19444 | Bazaar   | Bought a potion of curing for 27 gold pieces
 19444 | Bazaar   | Bought a potion of heal wounds for 45 gold pieces
 19444 | Bazaar   | Bought a potion of curing for 27 gold pieces
 19444 | Bazaar   | Bought a potion of haste for 90 gold pieces
 19444 | Bazaar   | Bought a potion of mutation for 72 gold pieces
 19444 | Bazaar   | Bought a potion of berserk rage for 45 gold pieces
 19444 | Bazaar   | Bought a potion of lignification for 27 gold pieces
 19521 | D:11     | XOM is BORED!
 19649 | D:11     | Found a staircase to the Orcish Mines.
 19843 | Orc:1    | Entered Level 1 of the Orcish Mines
 20180 | Orc:1    | XOM: god gift: 25 gold pieces
 20184 | Orc:1    | Found Fitilima's Gadget Gallery.
 20216 | Orc:1    | XOM: god gift: 5 stones
 20325 | Orc:1    | XOM is BORED!
 20346 | Orc:2    | Entered Level 2 of the Orcish Mines
 20352 | Orc:2    | XOM: potion effect (brilliance)
 20360 | Orc:2    | Noticed an orc warlord
 20367 | Orc:2    | Reached skill level 9 in Shapeshifting
 20406 | Orc:1    | XOM: god gift: 50 gold pieces
 20442 | Orc:2    | Found Ismec's Book Boutique.
 20482 | Orc:1    | XOM: butterfly on damage
 20486 | Orc:1    | XOM: confuse monster(s)
 20489 | Orc:1    | XOM: polymorph troll -> hog
 21061 | Orc:2    | XOM: enchant monster (good)
 21123 | Orc:2    | XOM: scenery: summon butterflies
 21134 | Orc:2    | XOM: scenery: create altars
 21135 | Orc:2    | Killed an orc warlord
 21136 | Orc:2    | Reached skill level 10 in Shapeshifting
 21227 | Orc:2    | Found Seopnoy's Antique Armour Shoppe.
 21323 | Orc:2    | Found Bej Vaist's General Store.
 21327 | Orc:2    | Bought a scroll of teleportation for 36 gold pieces
 21333 | Orc:2    | Found Qiomu's General Store.
 21586 | Orc:2    | XOM: summons 7 hostile demons
 21643 | Orc:2    | Found a staircase to the Elven Halls.
 21710 | Orc:2    | Reached skill level 11 in Shapeshifting
 21787 | Orc:2    | Found Quqigyat's Antique Weapon Shop.
 21830 | Orc:2    | Bought a scroll of identify for 30 gold pieces
 21830 | Orc:2    | Bought a scroll of teleportation for 45 gold pieces
 21830 | Orc:2    | Bought a scroll of vulnerability for 60 gold pieces
 21990 | Orc:2    | XOM: give mutations
 21990 | Orc:2    | Gained mutation: You have a pair of large horns on your
                  | head. [Xom's grace]
 21990 | Orc:2    | Gained mutation: You expend magic power (3 MP) to
                  | strengthen your wands. [Xom's grace]
 21996 | Orc:2    | XOM: swap monsters
 22027 | Orc:2    | XOM: give mutations
 22027 | Orc:2    | Lost mutation: You have a somewhat thin skeletal structure.
                  | (Dex +2, Stealth+) [Xom's mischief]
 22027 | Orc:2    | Gained mutation: Your flesh is heat resistant. (rF+) [Xom's
                  | mischief]
 22027 | Orc:2    | Gained mutation: You are occasionally teleported next to
                  | monsters. [Xom's mischief]
 22027 | Orc:2    | Lost mutation: You are partially covered in large bone
                  | plates. (SH +4) [Xom's mischief]
 22209 | Orc:1    | XOM: give mutations
 22209 | Orc:1    | Gained mutation: Your flesh is cold resistant. (rC+) [Xom's
                  | mischief]
 22209 | Orc:1    | Lost mutation: You are strong-willed. (Will+) [Xom's
                  | mischief]
 22209 | Orc:1    | Gained mutation: You sometimes lose your temper in combat.
                  | [Xom's mischief]
 22440 | Orc:2    | XOM: give mutations
 22440 | Orc:2    | Lost mutation: You occasionally lose the ability to drink
                  | potions when taking damage. [Xom's mischief]
 22440 | Orc:2    | Gained mutation: You are robust. (+10% HP) [Xom's mischief]
 22506 | Orc:2    | XOM: summons 2 hostile demons
 22733 | D:12     | Reached XP level 14. HP: 72/72 MP: 27/27
 22877 | D:12     | XOM: give mutations
 22877 | D:12     | Gained mutation: You have an uncontrollable temper. [Xom's
                  | mischief]
 22877 | D:12     | Gained mutation: Your body sometimes deteriorates upon
                  | taking damage. [Xom's mischief]
 22919 | D:12     | XOM: 2-stop teleportation journey
 22977 | D:12     | XOM: give mutation
 22977 | D:12     | Gained mutation: You are agile. (Dex +4, Str/Int -1) [Xom's
                  | mischief]
 23051 | D:12     | XOM: stat loss: -1 Str (6/7)
 23297 | D:13     | Reached skill level 12 in Shapeshifting
 23340 | D:13     | Found a gate to the Vaults.
 23360 | D:13     | XOM: enchant monster (good)
 23564 | D:13     | XOM: scenery: 1 doors close
 23605 | D:12     | XOM: give mutations
 23605 | D:12     | Gained mutation: You are very agile. (Dex +8, Str/Int -2)
                  | [Xom's grace]
 23605 | D:12     | Gained mutation: You are partially covered in iridescent
                  | scales. (AC +2) [Xom's grace]
 23605 | D:12     | Gained mutation: You are mostly covered in iridescent
                  | scales. (AC +4) [Xom's grace]
 23609 | D:12     | Upgraded the game from 0.31-a0-1084-gb392501acf to
                  | 0.31-a0-1093-gadecf4124d
 23632 | D:12     | XOM is BORED!
 23632 | D:12     | XOM: summons 1 hostile shadow creature
 23753 | D:12     | XOM: summons friendly ufetubus
 23754 | D:12     | XOM: divination: detect items
 23761 | D:12     | XOM: polymorph vault guard -> raiju
 23821 | D:13     | XOM: fake destruction
 23833 | D:13     | XOM: fog
 23868 | D:12     | XOM: noise
 23973 | D:12     | XOM: enchant monster (good)
 23983 | D:12     | XOM: potion effect (magic)
 24128 | D:13     | XOM: scenery: 1 doors close
 24274 | D:13     | Noticed Sonja
 24328 | D:13     | Killed Sonja
 24329 | D:13     | Reached skill level 13 in Shapeshifting
 24424 | D:13     | XOM: draining
 24648 | D:13     | XOM: cast spell 'Summon Mana Viper'
 24941 | D:14     | XOM: enchant monster (good)
 24949 | D:14     | XOM: noise
 24953 | D:14     | XOM: confusion
 24966 | D:14     | XOM: 2-stop teleportation journey
 25024 | D:14     | Reached skill level 14 in Shapeshifting
 25108 | D:14     | XOM: noise
 25123 | D:14     | XOM: enchant monster (bad)
 25422 | D:14     | XOM: give mutations
 25422 | D:14     | Lost mutation: You have an uncontrollable temper. [Xom's
                  | mischief]
 25422 | D:14     | Lost mutation: You sometimes lose your temper in combat.
                  | [Xom's mischief]
 25452 | D:14     | Found a frozen archway.
 25582 | D:15     | Entered Level 15 of the Dungeon
 25595 | D:15     | Found a staircase to the Depths.
 25774 | D:14     | XOM: divination: detect creatures
 26102 | D:15     | XOM: divination: magic mapping
 26263 | D:15     | XOM: confusion
 26270 | D:15     | XOM: noise
 26371 | D:15     | Found Hyohun's Weapon Shoppe.
 26401 | D:15     | XOM: give mutations
 26401 | D:15     | Lost mutation: Your system is resistant to poisons. (rPois)
                  | [Xom's mischief]
 26401 | D:15     | Lost mutation: You expend magic power (3 MP) to strengthen
                  | your wands. [Xom's mischief]
 26401 | D:15     | Lost mutation: Your flesh is heat resistant. (rF+) [Xom's
                  | mischief]
 26401 | D:15     | Lost mutation: You are robust. (+10% HP) [Xom's mischief]
 26441 | D:15     | XOM: give mutations
 26441 | D:15     | Lost mutation: You are occasionally teleported next to
                  | monsters. [Xom's mischief]
 26441 | D:15     | Gained mutation: You occasionally shout uncontrollably at
                  | your foes. [Xom's mischief]
 26513 | D:15     | Reached XP level 15. HP: 70/70 MP: 28/28
 26528 | D:15     | XOM: silly message
 26536 | D:15     | Reached skill level 7 in Evocations
 26543 | D:15     | XOM: chaos upgrade
 26548 | D:15     | XOM: confusion
 26779 | D:15     | XOM: give mutations
 26779 | D:15     | Gained mutation: A frigid envelope surrounds you and
                  | freezes all who hurt you. [Xom's mischief]
 26779 | D:15     | Gained mutation: Potions are less effective at restoring
                  | your health. [Xom's mischief]
 26779 | D:15     | Gained mutation: You have hidden genetic defects. [Xom's
                  | mischief]
 26951 | D:15     | XOM: potion effect (magic)
 27304 | D:10     | XOM: swap monsters
 27323 | D:10     | Found a shadowy altar of Dithmenos.
 27334 | D:10     | XOM: smoke on damage
 27335 | D:10     | Found a broken altar of Ashenzari.
 27621 | Lair:3   | XOM: confusion (+ monsters)
 27778 | Lair:3   | XOM: enchant monster (good)
 27872 | Lair:3   | Reached skill level 11 in Fighting
 27872 | Lair:3   | Reached skill level 11 in Unarmed Combat
 27873 | Lair:3   | Reached skill level 8 in Evocations
 28106 | Lair:3   | Gained mutation: You occasionally lose the ability to read
                  | scrolls when taking damage. [hidden defects]
 28132 | Lair:3   | Lost mutation: A frigid envelope surrounds you and freezes
                  | all who hurt you. [potion of mutation]
 28132 | Lair:3   | Lost mutation: You occasionally shout uncontrollably at
                  | your foes. [potion of mutation]
 28132 | Lair:3   | Lost mutation: You are very agile. (Dex +8, Str/Int -2)
                  | [potion of mutation]
 28132 | Lair:3   | Gained mutation: You expend magic power (3 MP) to
                  | strengthen your wands. [potion of mutation]
 28133 | Lair:3   | Lost mutation: You occasionally lose the ability to read
                  | scrolls when taking damage. [potion of mutation]
 28133 | Lair:3   | Lost mutation: You have hidden genetic defects. [potion of
                  | mutation]
 28133 | Lair:3   | Gained mutation: Your flesh is very cold resistant. (rC++)
                  | [potion of mutation]
 28136 | Lair:3   | Found a staircase to the Swamp.
 28149 | Lair:3   | XOM: summons 1 hostile shadow creature
 28346 | Lair:5   | XOM: god gift: Xom's Incunable of Beyond {god gift}
 28347 | Lair:5   | Got Xom's Incunable of Beyond {god gift}
 28348 | Lair:5   | XOM: summons 2 hostile demons
 28450 | Lair:5   | XOM: polymorph yak -> bullfrog
 28451 | Lair:5   | XOM: swap monsters
 28456 | Lair:5   | XOM: polymorph bullfrog -> jackal
 28470 | Lair:5   | XOM: summons 9 friendly demons
 28695 | Lair:5   | XOM: confuse monster(s)
 28715 | Lair:5   | XOM: confuse monster(s)
 28722 | Lair:5   | Reached skill level 9 in Evocations
 28745 | Lair:5   | XOM: summons friendly quasit
 28760 | Lair:5   | XOM: swap monsters
 28816 | Lair:5   | Learned a level 4 spell: Cause Fear
 28822 | Lair:5   | Learned a level 5 spell: Yara's Violent Unravelling
 28828 | Lair:5   | Learned a level 5 spell: Irradiate
 28829 | Lair:5   | XOM: give mutation
 28829 | Lair:5   | Lost mutation: You passively dampen the noise of your
                  | surroundings. [Xom's mischief]
 28935 | Swamp:1  | XOM: noise
 28935 | Swamp:1  | Entered Level 1 of the Swamp
 28944 | Swamp:1  | XOM: 1-stop teleportation journey
 29037 | Swamp:1  | XOM: 1-stop teleportation journey
 29053 | Swamp:1  | XOM: summons friendly white imp
 29166 | Swamp:1  | XOM: confuse monster(s)
 29505 | Swamp:1  | XOM: confuse monster(s)
 29768 | Swamp:2  | Reached skill level 12 in Fighting
 29768 | Swamp:2  | XOM: confuse monster(s)
 29771 | Swamp:2  | Reached skill level 12 in Unarmed Combat
 30193 | Swamp:2  | XOM: noise
 30298 | Swamp:2  | XOM: cloud trail
 30396 | Swamp:2  | Reached skill level 10 in Evocations
 30409 | Swamp:2  | XOM: cast spell 'Discord'
 30415 | Swamp:2  | Reached XP level 16. HP: 76/76 MP: 23/29
 30807 | Swamp:3  | XOM: 3-stop teleportation journey
 30891 | Swamp:3  | XOM: confuse monster(s)
 30917 | Swamp:3  | XOM: noise
 30920 | Swamp:3  | XOM: cast spell 'Summon Dragon'
 30955 | Swamp:3  | XOM: enchant monster (bad)
 31324 | Swamp:3  | XOM: enchant monster (good)
 31332 | Swamp:3  | XOM: 1-stop teleportation journey
 31477 | Swamp:2  | XOM: silly message
 31875 | Swamp:3  | XOM: 9-stop teleportation journey
 32291 | Swamp:4  | Entered Level 4 of the Swamp
 32443 | Swamp:4  | XOM: scenery: summon butterflies
 32460 | Swamp:3  | XOM: give mutations
 32460 | Swamp:3  | Gained mutation: You have an increased reservoir of magic.
                  | (+10% MP) [Xom's grace]
 32460 | Swamp:3  | Gained mutation: You are strong-willed. (Will+) [Xom's
                  | grace]
 32460 | Swamp:3  | Gained mutation: Your mind is acute. (Int +4, Str/Dex -1)
                  | [Xom's grace]
 32497 | Swamp:3  | XOM: give mutation
 32497 | Swamp:3  | Gained mutation: You are highly strong-willed. (Will++)
                  | [Xom's grace]
 32566 | Swamp:4  | Reached skill level 11 in Evocations
 32588 | Swamp:3  | Reached skill level 13 in Fighting
 32641 | Swamp:3  | XOM: cloud trail
 32714 | Swamp:4  | XOM: 6-stop teleportation journey
 32772 | Swamp:3  | Xom revived you
 32772 | Swamp:3  | HP: 4/102 [eight-headed hydra (3)]
 32773 | Swamp:3  | Slain by a four-headed hydra
 32779 | Swamp:3  | XOM: polymorph four-headed hydra -> swamp worm
 32785 | Swamp:3  | XOM: cleaving
 32786 | Swamp:3  | Reached skill level 13 in Unarmed Combat
 32911 | Swamp:3  | Learned a level 4 spell: Manifold Assault
 32983 | Swamp:4  | Reached skill level 1 in Translocations
 32987 | Swamp:4  | XOM: fog
 32992 | Swamp:4  | Reached skill level 2 in Translocations
 33037 | Swamp:3  | XOM: divination: magic mapping
 33070 | Swamp:3  | XOM: silly message
 33181 | Swamp:4  | Upgraded the game from 0.31-a0-1093-gadecf4124d to
                  | 0.31-a0-1098-g6898e6545c
 33218 | Swamp:4  | Reached skill level 3 in Translocations
 33278 | Swamp:4  | XOM: destruction
 33462 | Swamp:4  | XOM: destruction
 33470 | Swamp:4  | Reached skill level 4 in Translocations
 33470 | Swamp:4  | XOM: divination: detect items
 33719 | Swamp:4  | Reached skill level 5 in Translocations
 34154 | Swamp:4  | XOM: give mutations
 34154 | Swamp:4  | Lost mutation: You are agile. (Dex +4, Str/Int -1) [Xom's
                  | mischief]
 34154 | Swamp:4  | Lost mutation: Your body sometimes deteriorates upon taking
                  | damage. [Xom's mischief]
 34165 | Swamp:4  | XOM: confusion (+ monsters)
 34178 | Swamp:4  | XOM: cleaving
 34181 | Swamp:4  | Reached skill level 6 in Translocations
 34333 | Swamp:4  | Got a decaying rune of Zot
 34552 | Spider:1 | Entered Level 1 of the Spider Nest
 34557 | Spider:1 | XOM is BORED!
 34557 | Spider:1 | XOM: 1-stop teleportation journey
 34568 | Spider:1 | XOM: silly message
 34570 | Spider:1 | XOM: enchant monster (bad)
 34592 | Spider:1 | XOM: summons 1 hostile shadow creature
 34739 | Spider:1 | XOM: divination: detect items
 34741 | Spider:1 | XOM: noise
 34745 | Spider:1 | Reached skill level 7 in Translocations
 34758 | Spider:1 | Reached skill level 14 in Fighting
 35076 | Spider:1 | Reached XP level 17. HP: 83/83 MP: 0/32
 35134 | Spider:1 | Reached skill level 14 in Unarmed Combat
 35716 | Spider:1 | Reached skill level 8 in Translocations
 36031 | Spider:1 | XOM: 4-stop teleportation journey
 36339 | Spider:2 | Noticed Jorgrun
 36353 | Spider:1 | XOM: give mutations
 36353 | Spider:1 | Lost mutation: You have a pair of large horns on your head.
                  | [Xom's mischief]
 36353 | Spider:1 | Lost mutation: Potions are less effective at restoring your
                  | health. [Xom's mischief]
 36353 | Spider:1 | Gained mutation: Your muscles are strong. (Str +4, Int/Dex
                  | -1) [Xom's mischief]
 36353 | Spider:1 | Lost mutation: Your muscles are strong. (Str +4, Int/Dex
                  | -1) [Xom's mischief]
 36370 | Spider:2 | Killed Jorgrun
 36473 | Spider:1 | XOM is BORED!
 36473 | Spider:1 | XOM: stat loss: -3 Str (14/17)
 36551 | Spider:1 | XOM: give mutation
 36551 | Spider:1 | Lost mutation: Your flesh is very cold resistant. (rC++)
                  | [Xom's mischief]
 36632 | Spider:2 | Reached skill level 9 in Translocations
 36955 | Spider:2 | Noticed Nikola
 36964 | Spider:2 | Killed Nikola
 36964 | Spider:2 | XOM: blink monster(s)
 37037 | Spider:2 | XOM: 5-stop teleportation journey
 37430 | Spider:2 | XOM is BORED!
 37691 | Spider:2 | XOM: potion effect (attraction)
 37927 | Spider:2 | Identified a scroll of acquirement
 37928 | Spider:2 | Acquired the ring of Cuynuur {rElec rF++ Str+6 Dex+3}
 38062 | Spider:2 | XOM: give mutations
 38062 | Spider:2 | Lost mutation: You are mostly covered in iridescent scales.
                  | (AC +4) [Xom's mischief]
 38062 | Spider:2 | Gained mutation: Your spells are a little easier to cast,
                  | but a little less powerful. [Xom's mischief]
 38062 | Spider:2 | Gained mutation: You have hidden genetic defects. [Xom's
                  | mischief]
 38062 | Spider:2 | Lost mutation: You have hidden genetic defects. [Xom's
                  | mischief]
 38483 | Spider:2 | XOM: noise
 38600 | Spider:3 | Reached skill level 10 in Translocations
 38641 | Spider:3 | XOM: confuse monster(s)
 38662 | Spider:3 | XOM: give mutations
 38662 | Spider:3 | Lost mutation: Your spells are a little easier to cast, but
                  | a little less powerful. [Xom's grace]
 38662 | Spider:3 | Gained mutation: Your flesh is very cold resistant. (rC++)
                  | [Xom's grace]
 38662 | Spider:3 | Gained mutation: You are agile. (Dex +4, Str/Int -1) [Xom's
                  | grace]
 38662 | Spider:3 | Gained mutation: You have a pair of large horns on your
                  | head. [Xom's grace]
 38863 | Spider:3 | XOM: 4-stop teleportation journey
 38974 | Spider:3 | Reached skill level 11 in Translocations
 39174 | Spider:3 | Reached skill level 12 in Translocations
 39293 | Spider:2 | XOM: summons 4 hostile shadow creatures
 39389 | Spider:3 | XOM: stat loss: -1 Int (20/21)
 39481 | Spider:3 | XOM: smoke on damage
 39501 | Spider:3 | XOM: noise
 39614 | Spider:3 | XOM: god gift: silver javelin
 39646 | Spider:3 | XOM: god gift: wand of quicksilver (5)
 39662 | Spider:3 | XOM: god gift: 5 atropa-tipped darts
 39854 | Spider:3 | XOM: give mutation
 39854 | Spider:3 | Gained mutation: You are partially covered in large bone
                  | plates. (SH +4) [Xom's grace]
 39889 | Spider:4 | Entered Level 4 of the Spider Nest
 40005 | Spider:4 | Reached skill level 13 in Translocations
 40199 | Spider:4 | XOM: destruction
 40401 | Spider:4 | XOM: 2-stop teleportation journey
 40415 | Spider:4 | XOM: cleaving
 40423 | Spider:4 | Reached skill level 1 in Conjurations
 40540 | Spider:4 | XOM: smoke on damage
 40555 | Spider:4 | XOM: summons 9 hostile demons
 40586 | Spider:4 | Reached skill level 3 in Transmutations
 40880 | Spider:4 | XOM: summons 4 hostile shadow creatures
 41045 | Spider:4 | Reached skill level 2 in Conjurations
 41178 | Spider:4 | XOM is BORED!
 41178 | Spider:4 | XOM: give mutations
 41178 | Spider:4 | Lost mutation: You expend magic power (3 MP) to strengthen
                  | your wands. [Xom's mischief]
 41178 | Spider:4 | Lost mutation: You are partially covered in iridescent
                  | scales. (AC +2) [Xom's mischief]
 41447 | Spider:4 | XOM: god gift: 3 javelins
 41448 | Spider:4 | Reached skill level 4 in Transmutations
 41742 | Spider:4 | XOM: enchant monster (good)
 41753 | Spider:4 | Reached skill level 3 in Conjurations
 41768 | Spider:4 | Reached skill level 14 in Translocations
 41844 | Spider:4 | Reached XP level 18. HP: 88/88 MP: 13/34
 41855 | Spider:4 | XOM: divination: detect items
 42313 | Spider:4 | XOM: polymorph wolf spider -> polar bear
 42381 | Spider:4 | Reached skill level 5 in Transmutations
 42398 | Spider:4 | Learned a level 6 spell: Dispersal
 42542 | Spider:4 | XOM: god gift: pair of embroidered gloves {god gift}
 43004 | Spider:4 | Reached skill level 4 in Conjurations
 43112 | Spider:4 | Got a gossamer rune of Zot
 43128 | Spider:4 | XOM: god gift: 37 gold pieces
 43379 | Orc:1    | Bought a wand of polymorph (2) for 33 gold pieces
 43379 | Orc:1    | Bought a wand of quicksilver (3) for 151 gold pieces
 43379 | Orc:1    | Bought a wand of iceblast (2) for 57 gold pieces
 43379 | Orc:1    | Bought a sack of spiders for 480 gold pieces
 43379 | Orc:1    | Bought a wand of charming (3) for 86 gold pieces
 43379 | Orc:1    | Bought a condenser vane for 480 gold pieces
 43379 | Orc:1    | Bought a phantom mirror for 480 gold pieces
 43464 | Elf:1    | Entered Level 1 of the Elven Halls
 43599 | Elf:1    | Reached skill level 6 in Transmutations
 43620 | Elf:1    | XOM: scenery: 1 doors close
 43919 | Elf:1    | XOM: 1-stop teleportation journey
 43957 | Elf:1    | XOM: cleaving
 43959 | Elf:1    | Reached skill level 5 in Conjurations
 43967 | Elf:1    | XOM: enchant monster (good)
 44164 | Elf:1    | XOM: smoke on damage
 44209 | Elf:1    | XOM: 2-stop teleportation journey
 44326 | Elf:1    | XOM: cloud trail
 44459 | Elf:1    | XOM: give mutations
 44459 | Elf:1    | Gained mutation: You are very agile. (Dex +8, Str/Int -2)
                  | [Xom's grace]
 44459 | Elf:1    | Gained mutation: You are somewhat resistant to further
                  | mutation. [Xom's grace]
 44459 | Elf:1    | Gained mutation: Your mind is very acute. (Int +8, Str/Dex
                  | -2) [Xom's grace]
 44497 | Elf:1    | Got the Tome of the Jolly Wonders
 44614 | Elf:1    | XOM: 1-stop teleportation journey
 44734 | Elf:1    | Identified the +0 ring mail "Dofrub" {-Tele rC+++ Dex+4}
 44895 | Elf:2    | Reached skill level 7 in Transmutations
 44938 | Elf:1    | XOM: silly message
 45078 | Elf:2    | Reached skill level 6 in Conjurations
 45324 | Elf:2    | XOM: silly message
 45439 | Elf:2    | Found Vadeoz's Book Boutique.
 45447 | Elf:2    | Bought an Inescapable Atlas for 192 gold pieces
 45483 | Elf:2    | Reached skill level 8 in Transmutations
 45615 | Elf:2    | Found a runed translucent gate.
 45616 | Elf:2    | Found a runed translucent gate.
 45616 | Elf:2    | Found a runed translucent gate.
 46069 | Elf:2    | Found Yjuf's Tremendous Tomes.
 46182 | Elf:2    | XOM: divination: detect items
 46360 | Elf:2    | XOM: cloud trail
 46622 | Elf:2    | XOM: silly message
 46656 | Elf:2    | Reached skill level 7 in Conjurations
 46675 | Elf:2    | XOM: god gift: +4 ring of protection
 46831 | Elf:2    | XOM: give mutations
 46831 | Elf:2    | Gained mutation: You are partially covered in iridescent
                  | scales. (AC +2) [Xom's grace]
 46831 | Elf:2    | Lost mutation: You are somewhat resistant to further
                  | mutation. [Xom's grace]
 46831 | Elf:2    | Gained mutation: You have hidden genetic potential. [Xom's
                  | grace]
 46831 | Elf:2    | Gained mutation: Your spells are a little harder to cast,
                  | but a little more powerful. [Xom's grace]
 47217 | Elf:2    | Reached skill level 9 in Transmutations
 47336 | Elf:2    | XOM: smoke on damage
 47718 | Elf:2    | Identified the ring "Aquggum" {rPois Str+6 Dex+6 SInv
                  | Stlth-} (Xom gifted it to you on level 2 of the Elven
                  | Halls)
 47718 | Elf:2    | XOM: god gift: ring "Aquggum" {rPois Str+6 Dex+6 SInv
                  | Stlth-}
 47809 | Elf:2    | XOM: give mutations
 47809 | Elf:2    | Gained mutation: You have great hidden genetic potential.
                  | [Xom's grace]
 47809 | Elf:2    | Gained mutation: You passively map a small area around you.
                  | [Xom's grace]
 47809 | Elf:2    | Gained mutation: Your muscles are strong. (Str +4, Int/Dex
                  | -1) [Xom's grace]
 47938 | Elf:3    | Entered Level 3 of the Elven Halls
 48124 | Elf:3    | Reached skill level 9 in Spellcasting
 48446 | Elf:3    | XOM: cloud trail
 48631 | Elf:3    | XOM: 3-stop teleportation journey
 48675 | Elf:3    | XOM is BORED!
 48675 | Elf:3    | XOM: give mutations
 48675 | Elf:3    | Lost mutation: You have an increased reservoir of magic.
                  | (+10% MP) [Xom's mischief]
 48675 | Elf:3    | Lost mutation: You have a pair of large horns on your head.
                  | [Xom's mischief]
 48675 | Elf:3    | Lost mutation: You passively map a small area around you.
                  | [Xom's mischief]
 48762 | Elf:3    | Reached XP level 19. HP: 92/92 MP: 17/33
 48925 | Elf:3    | XOM: give mutations
 48925 | Elf:3    | Lost mutation: You have a pair of horns on your head.
                  | [Xom's mischief]
 48925 | Elf:3    | Lost mutation: You have a pair of small horns on your head.
                  | [Xom's mischief]
 48925 | Elf:3    | Lost mutation: You are highly strong-willed. (Will++)
                  | [Xom's mischief]
 48925 | Elf:3    | Lost mutation: Your mind is very acute. (Int +8, Str/Dex
                  | -2) [Xom's mischief]
 49006 | Elf:3    | Reached skill level 8 in Conjurations
 49009 | Elf:3    | Learned a level 2 spell: Blink
 49055 | Elf:3    | Reached skill level 10 in Transmutations
 49180 | Elf:3    | XOM: confuse monster(s)
 49486 | Elf:3    | Identified the +5 dagger "Ogrebane" {heavy, Int+5}
 49534 | Elf:3    | Identified the ring "Oraruac" {rF+ MP+9}
 49544 | Elf:3    | Reached skill level 10 in Spellcasting
 49599 | Elf:3    | Identified the amulet of Ymalu {RegenMP Regen+ Str+2}
 49699 | Elf:3    | XOM: 4-stop teleportation journey
 49935 | Elf:3    | Found the +7 captain's cutlass {speed, disarm}
 49997 | Elf:3    | XOM: give mutations
 49997 | Elf:3    | Gained mutation: Your skin changes colour to match your
                  | surroundings (Stealth+). [Xom's grace]
 49997 | Elf:3    | Gained mutation: You are mostly covered in iridescent
                  | scales. (AC +4) [Xom's grace]
 49997 | Elf:3    | Gained mutation: Your muscles are very strong. (Str +8,
                  | Int/Dex -2) [Xom's grace]
 49997 | Elf:3    | Gained mutation: Your spells are harder to cast, but more
                  | powerful. [Xom's grace]
 49999 | Elf:3    | Got the Almanac of the Sixfirhy and Allies
 50013 | Elf:3    | Got the Vellum of Flesh and the Anticline
 50150 | Elf:1    | XOM: give mutation
 50150 | Elf:1    | Gained mutation: You are completely covered in iridescent
                  | scales. (AC +6) [Xom's grace]
 50227 | D:11     | XOM: give mutations
 50227 | D:11     | Gained mutation: Your mind is very acute. (Int +8, Str/Dex
                  | -2) [Xom's grace]
 50227 | D:11     | Gained mutation: You possess an exceptional clarity of
                  | mind. [Xom's grace]
 50227 | D:11     | Gained mutation: You passively dampen the noise of your
                  | surroundings. [Xom's grace]
 50275 | Vaults:1 | XOM: stealth player
 50275 | Vaults:1 | Entered Level 1 of the Vaults
 50570 | Vaults:1 | XOM: scenery: 1 doors close
 50576 | Vaults:1 | Reached skill level 9 in Conjurations
 50683 | Vaults:1 | XOM: scenery: 3 doors open, 1 doors close
 50710 | Vaults:1 | XOM: god gift: 7 stones
 50911 | Vaults:1 | Reached skill level 11 in Transmutations
 50942 | Vaults:1 | XOM: scenery: 1 doors close
 51336 | Vaults:1 | XOM: god gift: staff of conjuration
 51469 | Vaults:1 | XOM: divination: detect creatures
 51696 | Vaults:1 | XOM: god gift: wand of quicksilver (5)
 52061 | Vaults:2 | Reached skill level 9 in Stealth
 52066 | Vaults:2 | Gained mutation: You have an increased reservoir of magic.
                  | (+10% MP) [hidden potential]
 52233 | Vaults:2 | Found Iwastryunk's Magic Scroll Boutique.
 52248 | Vaults:2 | Bought a scroll of teleportation for 39 gold pieces
 52248 | Vaults:2 | Bought a scroll of fog for 52 gold pieces
 52248 | Vaults:2 | Bought a scroll of teleportation for 39 gold pieces
 52248 | Vaults:2 | Bought a scroll of teleportation for 39 gold pieces
 52352 | Vaults:2 | Reached skill level 11 in Hexes
 52550 | Vaults:2 | XOM: scenery: 1 doors open, 3 doors close
 52596 | Vaults:2 | XOM: scenery: 1 doors open, 3 doors close
 52687 | Vaults:2 | Noticed Saint Roka
 52706 | Vaults:2 | XOM: 1-stop teleportation journey
 52802 | Vaults:2 | XOM: divination: detect creatures
 52861 | Vaults:2 | XOM: god gift: wand of quicksilver (8)
 52956 | Vaults:2 | Reached skill level 10 in Stealth
 52997 | Vaults:2 | XOM: scenery: 2 doors close
 53014 | Vaults:2 | Reached XP level 20. HP: 96/96 MP: 21/39
 53015 | Vaults:2 | XOM: 1-stop teleportation journey
 53075 | Vaults:2 | Reached skill level 12 in Evocations
 53204 | Vaults:2 | XOM: stat loss: -1 Dex (31/32)
 53532 | Vaults:2 | Reached skill level 11 in Spellcasting
 53835 | Vaults:2 | Reached skill level 12 in Hexes
 53880 | Vaults:2 | Reached skill level 10 in Conjurations
 53969 | Vaults:2 | XOM: cast spell 'Disjunction'
 53973 | Vaults:2 | Killed Saint Roka
 54028 | Vaults:2 | XOM: god gift: potion of curing
 54167 | Vaults:2 | XOM is BORED!
 54167 | Vaults:2 | XOM: noise
 54237 | Vaults:2 | Reached skill level 12 in Transmutations
 54261 | Vaults:2 | XOM: god gift: 38 gold pieces
 54383 | Vaults:2 | XOM: scenery: 3 doors close
 54460 | Vaults:3 | Found Anlemm's Antique Weapon Shop.
 54485 | Vaults:3 | XOM: god gift: potion of magic
 54524 | Vaults:3 | Reached skill level 11 in Stealth
 54658 | Vaults:3 | XOM is BORED!
 54658 | Vaults:3 | XOM: 5-stop teleportation journey
 54691 | Vaults:3 | Noticed Donald
 54697 | Vaults:3 | XOM: noise
 54703 | Vaults:3 | Killed Donald
 54741 | Vaults:3 | XOM: 2-stop teleportation journey
 54961 | Vaults:3 | XOM: enchant monster (bad)
 55110 | Vaults:3 | XOM: smoke on damage
 55383 | Vaults:3 | Noticed Mara
 55398 | Vaults:3 | Reached skill level 13 in Hexes
 55416 | Vaults:3 | Gained mutation: You have a pair of small antennae on your
                  | head. [hidden potential]
 55416 | Vaults:3 | Lost mutation: You have great hidden genetic potential.
                  | [hidden potential expressed]
 55493 | Vaults:3 | Killed Mara
 55841 | Vaults:3 | Reached skill level 12 in Stealth
 55903 | Vaults:3 | XOM: fake destruction
 55919 | Vaults:3 | Reached skill level 13 in Evocations
 55934 | Vaults:3 | XOM: summons 2 hostile shadow creatures
 56031 | Vaults:3 | Found a staircase to the Crypt.
 56476 | Vaults:4 | XOM: polymorph vault warden -> bunyip
 56481 | Vaults:4 | XOM: cast spell 'Dispersal'
 56563 | Vaults:4 | Identified the +5 dagger "Teumesh" {heavy, rC+ rN+ Will+
                  | Dex+3} (Xom gifted it to you on level 4 of the Vaults)
 56563 | Vaults:4 | XOM: god gift: +5 dagger "Teumesh" {chaos, rC+ rN+ Will+
                  | Dex+3}
 56697 | Vaults:4 | XOM: god gift: 57 gold pieces
 56848 | Vaults:4 | Reached skill level 13 in Transmutations
 56980 | Vaults:4 | Reached XP level 21. HP: 100/100 MP: 25/41
 57035 | Vaults:4 | XOM: 3-stop teleportation journey
 57127 | Vaults:4 | XOM: noise
 57129 | Vaults:4 | Reached skill level 12 in Spellcasting
 57146 | Vaults:4 | Reached skill level 14 in Hexes
 57168 | Vaults:4 | XOM is BORED!
 57168 | Vaults:4 | XOM: blink monster(s)
 57218 | Vaults:4 | XOM: draining
 57234 | Vaults:4 | Reached skill level 13 in Stealth
 57355 | Vaults:4 | XOM: give mutations
 57355 | Vaults:4 | Lost mutation: You are partially covered in large bone
                  | plates. (SH +4) [Xom's mischief]
 57355 | Vaults:4 | Lost mutation: You are very agile. (Dex +8, Str/Int -2)
                  | [Xom's mischief]
 57355 | Vaults:4 | Lost mutation: You have hidden genetic potential. [Xom's
                  | mischief]
 57355 | Vaults:4 | Lost mutation: You passively dampen the noise of your
                  | surroundings. [Xom's mischief]
 57848 | Vaults:4 | XOM: silly message
 57996 | Vaults:4 | Learned a level 5 spell: Silence
 58171 | D:15     | XOM: give mutation
 58171 | D:15     | Lost mutation: You possess an exceptional clarity of mind.
                  | [Xom's mischief]
 58175 | Depths:1 | Entered Level 1 of the Depths
 58251 | Depths:1 | Found a hazy altar of Hepliaklqana.
 58352 | Depths:1 | XOM: summons 5 friendly demons
 58570 | Depths:1 | XOM: noise
 58578 | Depths:1 | XOM: summons friendly quasit
 58662 | Depths:1 | XOM: 4-stop teleportation journey
 58981 | Depths:1 | Reached skill level 14 in Evocations
 58990 | Depths:1 | XOM: noise
 59037 | Depths:1 | Found a one-way gate leading to the halls of Pandemonium.
 59043 | Depths:1 | Reached skill level 14 in Stealth
 59058 | Depths:1 | XOM: noise
 59284 | Depths:1 | XOM: 3-stop teleportation journey
 59294 | Depths:1 | Found a bloodstained altar of Trog.
 59297 | Depths:1 | Noticed Huzoalasm's ghost (veteran KoBr)
 59300 | Depths:1 | Found a transporter.
 59305 | Depths:1 | Identified the amulet of the Sky {Faith rElec}
 59310 | Depths:1 | Noticed a juggernaut
 59319 | Depths:1 | Found a transporter.
 59319 | Depths:1 | Noticed a juggernaut
 59396 | Depths:1 | Found a gateway to Hell.
 59404 | Depths:1 | XOM: fog
 59539 | Depths:1 | XOM: 3-stop teleportation journey
 60248 | Depths:1 | Reached skill level 14 in Transmutations
 60302 | Depths:1 | XOM: scenery: create altars
 60431 | Depths:2 | Found a transporter.
 60433 | Depths:2 | Identified the ring of the Coward {Ice Int-4 Dex+4 Stlth+}
 60433 | Depths:2 | Identified the death talisman of the Assorted Wishes {rElec
                  | rC+ Will++ Int+2}
 60433 | Depths:2 | Noticed Josephina
 60446 | Depths:2 | XOM: fake destruction
 60452 | Depths:2 | Killed Josephina
 60508 | Depths:2 | Noticed a royal mummy
 60508 | Depths:2 | Noticed a royal mummy
 60508 | Depths:2 | Found the +7 sceptre of Torment {pain, torment}
 60508 | Depths:2 | XOM: 2-stop teleportation journey
 60541 | Depths:2 | Noticed a royal mummy
 60774 | Depths:1 | Killed a royal mummy
 61052 | Depths:2 | XOM: god gift: glowing plate armour {god gift}
 61084 | Depths:2 | Noticed Ignak's ghost (veteran GnAE)
 61086 | Depths:2 | Found a transporter.
 61104 | Depths:2 | Noticed a caustic shrike
 61125 | Depths:2 | Found a one-way gateway to a ziggurat.
 61157 | Depths:2 | Noticed Sojobo
 61169 | Depths:2 | XOM: cast spell 'Disjunction'
 61178 | Depths:2 | XOM: butterfly on damage
 61184 | Depths:2 | Killed Sojobo
 61442 | Depths:2 | XOM: destruction
 61452 | Depths:1 | XOM: fog
 61453 | Depths:1 | Killed a royal mummy
 61454 | Depths:1 | Reached skill level 13 in Spellcasting
 61562 | Depths:2 | XOM: fake destruction
 61577 | Depths:1 | Killed a royal mummy
 61618 | Depths:1 | XOM: give mutations
 61618 | Depths:1 | Lost mutation: Your muscles are very strong. (Str +8,
                  | Int/Dex -2) [Xom's mischief]
 61618 | Depths:1 | Lost mutation: Your spells are harder to cast, but more
                  | powerful. [Xom's mischief]
 61783 | Depths:2 | Found Jerghof's Distillery.
 61786 | Depths:2 | Bought a potion of heal wounds for 85 gold pieces
 61786 | Depths:2 | Bought a potion of enlightenment for 85 gold pieces
 61786 | Depths:2 | Bought a potion of magic for 136 gold pieces
 61786 | Depths:2 | Bought a potion of berserk rage for 85 gold pieces
 61786 | Depths:2 | Bought a potion of curing for 51 gold pieces
 61786 | Depths:2 | Bought a potion of haste for 170 gold pieces
 61786 | Depths:2 | Bought a potion of brilliance for 68 gold pieces
 61786 | Depths:2 | Bought a potion of might for 68 gold pieces
 61931 | Depths:2 | XOM: cloud trail
 62010 | Depths:2 | XOM: scenery: 1 doors close
 62031 | Depths:2 | XOM: scenery: 1 doors open
 62261 | Depths:2 | Found a blossoming altar of Fedhas.
 62404 | Depths:3 | Reached XP level 22. HP: 104/104 MP: 12/44
 62643 | Depths:3 | Reached skill level 14 in Spellcasting
 62711 | Depths:3 | XOM: 1-stop teleportation journey
 62735 | Depths:3 | XOM: 3-stop teleportation journey
 62774 | Depths:3 | XOM: scenery: summon butterflies
 62811 | Depths:3 | XOM: scenery: create altars
 63053 | Depths:3 | XOM: confuse monster(s)
 63261 | Depths:3 | XOM: butterfly on damage
 63271 | Depths:3 | XOM: polymorph butterfly -> jackal
 63386 | Depths:3 | XOM: 1-stop teleportation journey
 63572 | Depths:3 | XOM: 2-stop teleportation journey
 63628 | Depths:3 | Found a portal to a secret trove of treasure.
 63720 | Depths:3 | Noticed Louise
 63736 | Depths:3 | Killed Louise
 63782 | Depths:3 | XOM: god gift: potion of magic
 63787 | Depths:3 | Found a one-way gate to the infinite horrors of the Abyss.
 63892 | Depths:4 | Entered Level 4 of the Depths
 63922 | Depths:4 | Reached skill level 3 in Earth Magic
 63922 | Depths:4 | XOM: cast spell 'Leda's Liquefaction'
 64062 | Depths:4 | Reached skill level 4 in Earth Magic
 64201 | Depths:4 | Reached skill level 5 in Earth Magic
 64317 | Depths:4 | XOM: summons friendly shadow imp
 64359 | Depths:4 | Noticed a caustic shrike
 64369 | Depths:4 | Killed a caustic shrike
 64370 | Depths:4 | Reached skill level 6 in Earth Magic
 64426 | Depths:4 | Noticed a caustic shrike
 64427 | Depths:4 | Noticed a caustic shrike
 64435 | Depths:3 | Killed a caustic shrike
 64640 | Depths:4 | XOM: confuse monster(s)
 64758 | Depths:4 | XOM: summons 2 friendly demons
 64764 | Depths:4 | Reached skill level 7 in Earth Magic
 64845 | Depths:4 | Noticed a caustic shrike
 64853 | Depths:4 | Killed a caustic shrike
 64885 | Depths:4 | Killed a caustic shrike
 64904 | Depths:4 | XOM: enchant monster (bad)
 64913 | Depths:4 | XOM: cleaving
 64916 | Depths:4 | Noticed a caustic shrike
 65020 | Depths:4 | XOM: cleaving
 65026 | Depths:4 | Killed a caustic shrike
 65222 | Depths:4 | Reached skill level 8 in Earth Magic
 65413 | Depths:4 | XOM: summons 4 hostile demons
 65452 | Depths:4 | Noticed a golden dragon
 65506 | Depths:4 | Found a gate to the Realm of Zot.
 65637 | Depths:4 | Reached skill level 9 in Earth Magic
 65876 | Depths:4 | XOM: give mutations
 65876 | Depths:4 | Lost mutation: You are strong-willed. (Will+) [Xom's
                  | mischief]
 65876 | Depths:4 | Lost mutation: Your skin changes colour to match your
                  | surroundings (Stealth+). [Xom's mischief]
 65876 | Depths:4 | Gained mutation: You passively map a small area around you.
                  | [Xom's mischief]
 65876 | Depths:4 | Gained mutation: You possess an exceptional clarity of
                  | mind. [Xom's mischief]
 65923 | Depths:4 | XOM: smoke on damage
 65923 | Depths:4 | XOM: torment (70/137 hp)
 66053 | Depths:4 | XOM: chaos upgrade
 66060 | Depths:4 | Killed a golden dragon
 66119 | Depths:4 | XOM: summons 3 hostile shadow creatures
 66124 | Depths:4 | XOM: smoke on damage
 66124 | Depths:4 | Killed from afar by an ice dragon
 66420 | D:13     | XOM: summons 2 hostile demons
 66595 | Vaults:3 | XOM: give mutations
 66595 | Vaults:3 | Lost mutation: Your muscles are strong. (Str +4, Int/Dex
                  | -1) [Xom's mischief]
 66595 | Vaults:3 | Lost mutation: You possess an exceptional clarity of mind.
                  | [Xom's mischief]
 66595 | Vaults:3 | Gained mutation: You have hidden genetic defects. [Xom's
                  | mischief]
 66602 | Crypt:1  | Entered Level 1 of the Crypt
 66620 | Crypt:1  | XOM: torment (60/135 hp)
 66768 | Crypt:1  | Reached skill level 10 in Earth Magic
 66948 | Vaults:5 | Entered Level 5 of the Vaults
 67232 | Vaults:5 | XOM: give mutations
 67232 | Vaults:5 | Lost mutation: Your spells are a little harder to cast, but
                  | a little more powerful. [Xom's mischief]
 67232 | Vaults:5 | Lost mutation: You are completely covered in iridescent
                  | scales. (AC +6) [Xom's mischief]
 67293 | Vaults:5 | Got the Papyrus of Inhalation and Maleficia
 67298 | Vaults:5 | Identified the amulet "Miafij Koti" {Faith Will+}
 67314 | Vaults:5 | Acquired 781 gold pieces
 67368 | Vaults:5 | Found the +9 sword of Power {lifebolt}
 67369 | Vaults:5 | Identified the +9 shortbow of Watchfulness {freeze, rN++
                  | Stlth+}
 67422 | Vaults:5 | XOM: summons 9 hostile demons
 67541 | Vaults:5 | Noticed a golden dragon
 67542 | Vaults:5 | XOM: blink monster(s)
 67547 | Vaults:5 | Killed a golden dragon
 67548 | Vaults:5 | Reached skill level 11 in Earth Magic
 67594 | Vaults:5 | Reached XP level 23. HP: 108/108 MP: 28/46
 67669 | Vaults:5 | XOM: enchant monster (good)
 67670 | Vaults:5 | Learned a level 2 spell: Wereblood
 67686 | Vaults:5 | Noticed a dread lich
 67687 | Vaults:5 | XOM: enchant monster (good)
 67688 | Vaults:5 | XOM: divination: detect items
 67693 | Vaults:5 | XOM: scenery: create altars
 67700 | Vaults:5 | XOM: enchant monster (good)
 67701 | Vaults:5 | Killed a dread lich
 67706 | Vaults:5 | XOM: repel stairs
 67710 | Vaults:5 | Gained mutation: You occasionally shout uncontrollably at
                  | your foes. [hidden defects]
 67721 | Vaults:5 | XOM: enchant monster (bad)
 67722 | Vaults:5 | XOM: swap monsters
 67730 | Vaults:5 | XOM: potion effect (heal wounds)
 67732 | Vaults:5 | Reached skill level 12 in Earth Magic
 67744 | Vaults:5 | XOM: chaos upgrade
 67753 | Vaults:5 | XOM: polymorph vault guard -> anaconda
 68089 | Vaults:5 | XOM: god gift: Xom's Catalogue of the Bruised Geomancers
                  | {god gift}
 68092 | Vaults:5 | Got Xom's Catalogue of the Bruised Geomancers {god gift}
 68538 | Vaults:5 | XOM: butterfly on damage
 68550 | Vaults:5 | XOM: swap monsters
 68560 | Vaults:5 | XOM: summons friendly crimson imp
 68569 | Vaults:5 | Identified the +0 leather armour of Fallacy {Harm rC+++
                  | Int+6 Dex-3}
 68585 | Vaults:5 | Reached skill level 13 in Earth Magic
 68639 | Vaults:5 | XOM: enchant monster (good)
 68791 | Vaults:5 | XOM: enchant monster (good)
 68806 | Vaults:5 | XOM: god gift: book of Blood
 68956 | Vaults:5 | Gained mutation: You have terrible hidden genetic defects.
                  | [hidden defects]
 68956 | Vaults:5 | Lost mutation: You have terrible hidden genetic defects.
                  | [hidden defects expressed]
 69408 | Vaults:5 | XOM: divination: detect items
 69964 | Vaults:5 | Reached skill level 14 in Earth Magic
 70008 | Vaults:5 | XOM: summons friendly shadow imp
 70170 | Vaults:5 | XOM: god gift: 53 gold pieces
 70191 | Vaults:5 | Got a silver rune of Zot
 70224 | Vaults:5 | XOM: divination: detect items
 70344 | Vaults:5 | XOM: 3-stop teleportation journey
 70443 | Vaults:5 | XOM: silly message
 70559 | Vaults:5 | XOM: summons 1 hostile shadow creature
 70705 | Vaults:5 | XOM: scenery: create altars
 71145 | Zot:1    | Entered Level 1 of the Realm of Zot
 71395 | Zot:2    | Gained mutation: You occasionally lose the ability to drink
                  | potions when taking damage. [hidden defects]
 71617 | Zot:5    | Entered Level 5 of the Realm of Zot
 71617 | Zot:5    | Noticed a Killer Klown
 71624 | Zot:5    | XOM: enchant monster (good)
 71626 | Zot:5    | Killed a Killer Klown
 72335 | Zot:5    | Noticed a dread lich
 72336 | Zot:5    | Noticed a Killer Klown
 72336 | Zot:5    | Noticed a Killer Klown
 72336 | Zot:5    | Noticed an orb of fire
 72336 | Zot:5    | Noticed a dread lich
 72338 | Zot:5    | Noticed a Killer Klown
 72338 | Zot:5    | XOM: cleaving
 72339 | Zot:5    | Noticed a Killer Klown
 72340 | Zot:5    | Got the Orb of Zot
 72341 | Zot:5    | Noticed an orb of fire
 72344 | Zot:5    | Noticed a dread lich
 72393 | Zot:3    | XOM: divination: magic mapping
 72419 | Zot:2    | XOM: cast spell 'Cause Fear'
 72555 | D:15     | XOM: divination: detect items
 72556 | D:15     | XOM: silly message
 72632 | D:11     | Noticed Qeedug the pandemonium lord
 72691 | D:8      | XOM: divination: detect creatures
 72693 | D:8      | Gained mutation: Your body sometimes deteriorates upon
                  | taking damage. [hidden defects]
 72693 | D:8      | Lost mutation: You have hidden genetic defects. [hidden
                  | defects expressed]
 72813 | D:3      | Reached skill level 11 in Conjurations
 72835 | D:2      | XOM: silly message
 72886 | D:$      | Escaped with the Orb!

Illustrated notes

Levels and vault maps discovered:
D:1:      spicycebolla_arrival_ecumenical, layout_rooms
D:2:      layout_rooms, small_statue_intersection, roderic_roman_lattice
D:3:      layout_loops_ring, mainiacjoe_overflow_concentric_impassable,
          pdpol_wu_jian_five_deadly_venoms, ebering_ghost_disaster_area,
          nicolae_wormholes, uniq_sigmund
D:4:      layout_cave_pods, lemuel_coloured_pillars_altar,
          cheibrodos_sewer_entry_sluice, serial_shops, nicolae_shop_crystal,
          grunt_ministairs_9, minmay_misc_feat_ornament
D:5:      layout_rooms, minmay_temple_entry_crystal_x, uniq_menkaure
D:6:      layout_gridville, lemuel_blue_sif_altar, gammafunk_ghost_stat_death
D:7:      minmay_the_grid_four_pointed_star
          [minmay_the_grid_triangle_9x9_windchime,
          minmay_the_grid_triangle_9x9_flanged_cone,
          minmay_the_grid_triangle_9x9_negative_grid,
          minmay_the_grid_triangle_9x9_corrupted_corridor,
          minmay_the_grid_prize_big_room], layout_basic, grunt_ogre_cave,
          uniq_duvessa
D:8:      minmay_flawed_box, layout_basic, elyvilon_altar_4, demons_altar
D:9:      layout_grid_maze, minmay_lair_entry_grove, hex_tiny,
          uniq_prince_ribbit1
D:10:     minmay_tri_box, layout_cross, xom_teletrap_fun, old_standard_altar,
          lemuel_zombie_altar_kikubaaqudgha,
          nicolae_dithmenos_through_a_glass_darkly
D:11:     layout_cave_pools, orc_0_dummy, serial_shops, bzr_entry_lakeside,
          shop, uniq_nergalle
D:12:     layout_cave_pools
D:13:     layout_roguey, erik_vaults_2, uniq_sonja
D:14:     layout_cave_pools, portal_ice_cave_entry_pillars_1
D:15:     hangedman_depths_entry_civil_slaughter, layout_irregular_city,
          serial_shops, shop, unseen_surprise_small
Lair:1:   layout_cave_pods, dreamdust_gnoll_shepherd
Lair:2:   beargit_carnivore_pack, layout_cave_pods,
          nicolae_spider_entry_non_spiders
Lair:3:   layout_regular_city, palyth_hydra_swamp_entry
Lair:4:   layout_long_grid, gauntlet_entry_generic, wad_woods_02,
          lemuel_fruit_fields
Lair:5:   evilmike_catoblepas_cave, layout_gridlike, slime_entry_1,
          infiniplex_staircase_pool, grunt_megastairs_4
Swamp:1:  layout_basic_swamp, nicolae_swamp_feature_on_the_river_bank,
          swamp_pool_1_2
Swamp:2:  layout_falls_marsh, serial_swamp_ruin, evilmike_swamp_ruin_house_5,
          evilmike_swamp_ruin_house_2, hangedman_swamp_ruin_wall,
          nicolae_swamp_decorative_isthmus
Swamp:3:  layout_falls_marsh, evilmike_swamp_ruin_house_6, swamp_pool_4
Swamp:4:  swamp, layout_basic_swamp, infiniplex_staircase_pool_2
Spider:1: layout_spider_delve
Spider:2: layout_chambers, uniq_nikola, uniq_jorgrun
Spider:3: layout_spider_delve
Spider:4: floodkiller_spider_rune_tomb
Orc:1:    layout_diamond_mine, nicolae_shop_gadgets
Orc:2:    grunt_orc_gardens, layout_caves, grunt_orc_garden, grunt_orc_garden,
          grunt_orc_garden, grunt_orc_garden, serial_shops, shop,
          einodemon_barbed_minivault
Elf:1:    elf_arrival_001, layout_loops_cross, minmay_elf_annihilation
Elf:2:    nicolae_elf_blades_crystal_corner, layout_gridlike,
          nicolae_shop_i_like_big_books, grunt_ministairs_13,
          nicolae_stop_n_shop_2
Elf:3:    elf_hall, layout_geoelf_grid
Vaults:1: v_misc_13, nicolae_vaults_mini_display_case,
          nicolae_vaults_sealed_display, v_misc_15, nicolae_vaults_gold_heap,
          nicolae_vaults_three_branches, v_pattern_5, hangedman_vaults_maws,
          nicolae_vaults_wine_cellar, nicolae_vaults_layer_cake_slice,
          layout_vaults_chaotic_city
Vaults:2: nicolae_vaults_tetromino_Z_2, nicolae_vaults_network_periphery,
          nicolae_vaults_disjoint_gnomons, hangedman_vaults_cutoff,
          nicolae_vaults_little_squares_5, nicolae_vaults_bisected_exclaves,
          nicolae_vaults_lopsided_apartments, v_rooms_6,
          nicolae_vaults_what_the_h, nicolae_vaults_trapezoid_lopsided_1,
          nicolae_vaults_theta, vaults_dpeg_hooks, vaults_dpeg_emergency_exit,
          nicolae_vaults_apartment_2, ontoclasm_vaults_gateway,
          layout_vaults_ring, serial_shops, shop, uniq_saint_roka
Vaults:3: nicolae_vaults_triangles, nicolae_vaults_network_barrier,
          nicolae_vaults_network_quinsquares
          [nicolae_vaults_network_quincunx_subvault,
          nicolae_vaults_network_quincunx_subvault,
          nicolae_vaults_network_quincunx_subvault,
          nicolae_vaults_network_quincunx_subvault], ontoclasm_vaults_shout,
          vaults_room_hallway, minmay_crypt_entry_skeletal_spiral,
          v_alt_pattern_4, hangedman_vaults_nails,
          nicolae_vaults_border_crossing, nicolae_vaults_tetromino_L_1,
          nicolae_vaults_closet_pinwheel_6, ontoclasm_vaults_hangar,
          vaults_room_octagon, nicolae_vaults_storage_room_statues,
          vaults_room_pools, layout_vaults_maze_bifur, serial_shops, shop,
          uniq_mara, uniq_donald
Vaults:4: hangedman_vaults_slither, hangedman_vaults_hat,
          vaults_room_hangedman_quadrants, nicolae_vaults_diamond_2,
          nicolae_vaults_closet_pinwheel_5, ontoclasm_vaults_ring_small,
          vaults_dpeg_cross, nicolae_vaults_house_2, v_pattern_3,
          layout_vaults_omnigrid
Vaults:5: serial_shops
Crypt:1:  layout_misc_corridors, nicolae_crypt_ancient_font,
          grunt_crypt_arrival_webbed
Depths:1: minmay_quantized_circle, layout_gridlike, grunt_hell_horde,
          gammafunk_ghost_wrathful_warriors, rand_demon_pan_entry_5,
          nicolae_hepliaklqana_hippocampus
Depths:2: minmay_guarded_unrand_sceptre_of_torment, layout_gridville,
          enter_ziggurat_b, hell_entry, serial_shops, kennysheep_mini_moat,
          grunt_pan_entry_spiral, gammafunk_ghost_berserking_beasts,
          fedhas_altar_fruit_tree, uniq_josephina, uniq_sojobo
Depths:3: minmay_cut_squares, layout_cave_pools, hangedman_geh_valley,
          nicolae_abyss_entry_one_way_or_another,
          nicolae_trove_entry_free_sample, kennysheep_donut
Depths:4: evilmike_zot_entry_round, layout_gridlike, serial_bayou_lagoon_a,
          pf_hell_entry_tar_river
Zot:1:    layout_misc_corridors, regret_index_zotdec_fiery_em
Zot:2:    layout_basic, ebering_ghost_inner_flame, grunt_ministairs_12,
          regret_index_zotdec_icy_dp, nicolae_tricolors
Zot:3:    layout_onion, uniq_parghit
Zot:4:    layout_misc_corridors, nzn_ghost_randoct
Zot:5:    layout_misc_corridors

Skill      XL: |  1  2  3  4  5  6  7  8  9 10 11 12 13 14 15 16 17 18 19 20 21 22 23 |
---------------+----------------------------------------------------------------------+-----
Stealth        | 2 3 5 6 8 10 12 14 | 14.9
Dodging        | 4 5 6 7 9 11 13 14 | 14.9
Spellcasting   | 1 2 3 5 6 8 9 10 11 13 14 | 14.9
Unarmed Combat | 4 5 6 8 10 12 13 14 | 14.9
Hexes          | 2 3 7 8 10 11 13 14 | 14.8
Ice Magic      | 1 2 |  2.0
Transmutations | 2 4 9 11 13 14 | 14.8
Earth Magic    | 2 11 14 | 14.9
Evocations     | 1 4 5 6 10 11 13 14 | 14.9
Fighting       | 5 6 8 10 12 14 | 14.9
Shapeshifting  | 1 6 11 14 | 14.9
Translocations | 7 14 | 14.8
Conjurations   | 3 7 9 10 11 | 11.1
Poison Magic   | |  0.2

Action                     |  1- 3 |  4- 6 |  7- 9 | 10-12 | 13-15 | 16-18 | 19-21 | 22-24 || total
---------------------------+-------+-------+-------+-------+-------+-------+-------+-------++-------
  Melee: Unarmed           |    83 |   245 |   366 |   327 |   687 |  1141 |  1325 |  1040 ||  5214
         Bite              |     9 |    24 |    33 |    43 |    86 |    95 |    89 |    56 ||   435
         Punch             |     3 |     4 |    17 |    17 |    48 |    72 |    59 |    43 ||   263
         Headbutt          |       |       |    62 |    59 |    48 |       |       |       ||   169
         Tailslap          |       |       |       |       |    92 |   114 |   116 |    79 ||   401
   Cast: Ensorcelled Hiber |       |    12 |    40 |   131 |   149 |       |       |       ||   332
         Tukima's Dance    |       |       |    26 |     8 |    28 |       |       |       ||    62
         Passwall          |       |       |     3 |    11 |     7 |       |       |     1 ||    22
         Apportation       |       |       |       |     2 |       |       |       |     1 ||     3
         Manifold Assault  |       |       |       |       |       |   440 |   648 |   627 ||  1715
         Cause Fear        |       |       |       |       |       |     4 |     1 |       ||     5
         Irradiate         |       |       |       |       |       |    10 |    35 |    48 ||    93
         Blink             |       |       |       |       |       |       |     2 |     5 ||     7
         Silence           |       |       |       |       |       |       |     3 |       ||     3
         Wereblood         |       |       |       |       |       |       |       |     5 ||     5
Ability: Breathe Fire      |       |       |       |       |    32 |    74 |    36 |    51 ||   193
  Evoke: Wand              |       |       |     6 |     5 |    11 |    11 |     8 |    17 ||    58
         Lightning rod     |       |       |       |     2 |    12 |    18 |     6 |     6 ||    44
         Phial of floods   |       |       |       |       |       |     1 |     1 |       ||     2
         Sack of spiders   |       |       |       |       |       |       |     1 |     3 ||     4
    Use: Scroll            |       |     1 |    10 |    10 |    13 |     7 |     6 |    13 ||    60
         Potion            |       |       |     1 |       |     2 |     4 |     1 |    23 ||    31
   Stab: Sleeping          |    10 |    23 |    34 |   102 |    84 |     5 |    26 |     2 ||   286
         Distracted        |       |       |     3 |     1 |     4 |     2 |     1 |     3 ||    14
         Confused          |       |       |     1 |     2 |     8 |     1 |       |       ||    12
         Betrayed ally     |       |       |     1 |       |       |       |       |     1 ||     2
         Paralysed         |       |       |       |     1 |       |       |       |     2 ||     3
         Petrifying        |       |       |       |       |       |     3 |       |       ||     3
         Petrified         |       |       |       |       |       |     1 |       |       ||     1
 Armour: Skin              |     9 |    57 |   100 |    91 |   228 |   536 |   281 |   310 ||  1612
  Dodge: Dodged            |    45 |   157 |   302 |   403 |   847 |   859 |   314 |   287 ||  3214
  Block: Other             |       |       |       |       |    28 |       |       |       ||    28
   Form: Beast             |       |       |       |     1 |       |       |       |       ||     1
         Dragon            |       |       |       |       |     1 |       |       |       ||     1

Table legend: (Time is in decaauts)
 A = Elapsed time spent in this place.
 B = Non-inter-level travel time spent in this place.
 C = Inter-level travel time spent in this place.
 D = Time resting spent in this place.
 E = Time spent auto-exploring this place.
 F = Levels seen in this place.
 G = Mean time per level.
                   A        B        C        D        E       F      G
               +--------+--------+--------+--------+--------+-----+--------+
         Total |  69221 |  65023 |   4198 |  15542 |  35110 |  51 | 1357.3 |
       Dungeon |  17263 |  15652 |   1611 |   3944 |   7503 |  15 | 1150.9 |
          Lair |   6397 |   5907 |    490 |    956 |   3463 |   5 | 1279.4 |
         Swamp |   5334 |   5063 |    271 |   1662 |   2358 |   4 | 1333.5 |
   Spider Nest |   8599 |   8335 |    264 |   1754 |   5268 |   4 | 2149.8 |
  Orcish Mines |   2685 |   2476 |    209 |    735 |   1169 |   2 | 1342.5 |
   Elven Halls |   6485 |   6256 |    229 |   1409 |   3951 |   3 | 2161.7 |
        Vaults |  11939 |  11355 |    584 |   2270 |   6676 |   5 | 2387.8 |
         Crypt |     91 |     73 |     18 |      0 |     26 |   1 |   91.0 |
        Depths |   8257 |   7763 |    494 |   2094 |   4301 |   4 | 2064.2 |
           Zot |   1200 |   1176 |     24 |    579 |    142 |   5 |  240.0 |
        Bazaar |    146 |    146 |      0 |      0 |     77 |   1 |  146.0 |
         Sewer |    478 |    478 |      0 |     73 |     98 |   1 |  478.0 |
      Gauntlet |    341 |    341 |      0 |     61 |     76 |   1 |  341.0 |
               +--------+--------+--------+--------+--------+-----+--------+

Top non-repeatable levels by time:
Vaults:5: 3806 daAuts
Spider:4: 2923 daAuts
   Elf:2: 2740 daAuts
Depths:1: 2720 daAuts
Vaults:2: 2470 daAuts
 Swamp:3: 2334 daAuts
Spider:1: 2179 daAuts
Depths:4: 2144 daAuts
   Elf:3: 2085 daAuts
Spider:2: 2059 daAuts
     D:9: 2017 daAuts
Vaults:3: 2005 daAuts
Vaults:4: 1859 daAuts
Depths:2: 1835 daAuts
Vaults:1: 1798 daAuts

Table legend:
 A = Kills in this place as a percentage of kills in the entire game.
 B = Kills by you in this place as a percentage of kills by you in the entire game.
 C = Kills by friends in this place as a percentage of kills by friends in the entire game.
 D = Other kills in this place as a percentage of other kills in the entire game.
 E = Experience gained in this place as a percentage of experience gained in the entire game.
 F = Experience gained in this place divided by the number of levels of this place that you have seen.
                   A       B       C       D       E      F
               +-------+-------+-------+-------+-------+----------------------
         Total | 100.0 | 100.0 | 100.0 | 100.0 | 100.0 | 19043.2
       Dungeon |  23.6 |  23.2 |  44.4 |   0.0 |   8.3 | 5385.5
          Lair |   7.9 |   7.9 |   2.2 |  57.1 |   5.0 | 9770.8
         Swamp |   6.7 |   6.9 |   2.2 |   0.0 |   7.1 | 17224.5
   Spider Nest |  13.0 |  13.4 |   0.0 |  14.3 |  10.5 | 25615.5
  Orcish Mines |   3.5 |   3.1 |  20.0 |   0.0 |   1.3 | 6324.0
   Elven Halls |   7.9 |   8.1 |   0.0 |  14.3 |  10.8 | 35033.0
        Vaults |  21.1 |  21.3 |  15.6 |   0.0 |  30.5 | 59150.6
         Crypt |   0.5 |   0.5 |   0.0 |   0.0 |   0.6 | 6257.0
        Depths |  11.3 |  11.6 |   0.0 |   0.0 |  21.6 | 52480.8
           Zot |   1.6 |   1.6 |   2.2 |  14.3 |   3.9 | 7601.6
         Sewer |   2.1 |   2.1 |   4.4 |   0.0 |   0.0 | 198.0
      Gauntlet |   0.6 |   0.4 |   8.9 |   0.0 |   0.2 | 2322.0
               +-------+-------+-------+-------+-------+----------------------
